Workbook
Name NLGEUR: 2.20371
Name Print_Area: '1.Aanschrijfbrief'!$A$1:$B$27
Name Print_Area: '2.Adressering'!$A$1:$A$41
Name Print_Area: '3.Toelichting'!$A$1:$D$327
Name Print_Area: '4.Informatie'!$A$1:$J$40
Name Print_Area: '5.Verdelingsmatrix lasten'!$A$1:$AN$177
Name Print_Area: '6.Verdelingsmatrix baten'!$A$1:$AP$175
Name Print_Area: '7.Balansstanden'!$B$1:$I$104
Name Print_Area: '8.Akkoordverklaring'!$A$1:$D$24
Name Print_Area: '9.Eindoordeel'!$A$1:$L$250

Sheet 1.Aanschrijfbrief
A6: Onderwerp | B6: Informatie voor derden (Iv3)
B8: Den Haag, juni 2025
B10: Geachte heer / mevrouw,
B12: In artikel 71 van het Besluit begroting en verantwoording provincies en gemeenten (BBV) en de Regeling vaststelling taakvelden en verstrekking informatie voor derden van18 april 2016 staat de gegevenslevering aan het CBS beschreven. Volgens deze voorschriften moet u financiële gegevens aan het CBS sturen in de vorm van een verdelingsmatrix en (op kwartaal- en jaarbasis) een overzicht van de balansstanden. Naast de financiële gegevens dient u een schriftelijke verklaring van het college in te sturen met betrekking tot de vereiste kwaliteit van deze gegevens.
B13: Het Iv3-model 2026 is inhoudelijk niet veranderd ten opzichte van het model 2025 van juni 2024. Zie voor de veranderingen tabblad '3.Toelichting'
B14: De gegevens moeten in JSON-formaat aangeleverd worden. Vanaf boekjaar 2026 is het verplicht om in JSON-formaat aan te leveren, het is niet meer mogelijk om in xlsx-formaat aan te leveren. Volg de instructies op www.cbs.nl/kredo om in JSON aan te leveren. Vanuit een deel van de financiële pakketten is het mogelijk om direct een JSON-bestand aan te maken. Indien dat met uw pakket (nog) niet kan, dan is ook mogelijk een Iv3-xlsx-bestand te converteren naar een JSON-bestand met de conversietool die beschikbaar is op www.cbs.nl/kredo. Gebruik altijd OCIDO om het JSON-bestand te controleren vóórdat u het verzendt naar het CBS. Voor meer informatie over de toezending, verwijs ik u naar het tabblad '2.Adressering'.
B15: Het CBS bewerkt de aangeleverde gegevens voor haar eigen statistische doeleinden. Daarnaast publiceert het CBS via open data de gegevens in onbewerkte vorm, zoals deze aan het CBS zijn verstrekt. Meer informatie hierover is opgenomen in het tabblad "3.Toelichting" onder het kopje "Open data".
B16: Voor vragen en/of opmerkingen over inhoudelijke Iv3-zaken kunt u contact opnemen met:
B17: Centraal Bureau voor de Statistiek
B18: Bureau Kredo
B19: tel. (070) 337 47 08
B20: www.cbs.nl/kredo
B21: kredo@cbs.nl
... B27: Directeur statistieken overheidsfinanciën en consumentenprijzen

Sheet 2.Adressering
A1: Toezending van de gegevens
A3: Voor de financiële informatie en de schriftelijke verklaring die u op begrotings-, kwartaal- en jaarrekeningbasis aan het CBS moet sturen, gelden de volgende tijdstippen:
A4: - voor de begroting is de uiterlijke inzendtermijn vóór 15 november van het jaar voorafgaand aan het
A5: begrotingsjaar
A6: - voor de kwartaallevering is de uiterlijke inzendtermijn één maand na afloop van het kwartaal
A7: - voor de jaarrekening is de uiterlijke inzendtermijn vóór 15 juli na afloop van het betreffende jaar
A9: Indien deze wettelijk vastgestelde deadline voor u niet haalbaar is, kunt u een verzoek tot uitstel indienen bij de minister van BZK, conform de procedure beschreven in de BZK-circulaire Informatie voor derden van 29 juni 2009.
A11: Met ingang van verslagjaar 2026 is JSON het standaardformaat voor de aanlevering van Iv3-inzendingen. Zie ook de meicirculaire van het ministerie van Binnenlandse Zaken.
A12: U kunt de Iv-3matrix (in JSON-formaat), de akkoordverklaring (in pdf-formaat) en in het geval van de kwartaallevering, de bijgestelde begroting (ook in JSON-formaat) samen in één zipfile uploaden via
A13: https://antwoord.cbs.nl
A14: Meer informatie over de inzending met gebruikmaking van het JSON-formaat kunt u vinden via:
A15: Procedure en middelen voor aanleveren iv3 in JSON-formaat | CBS
... A41: nnnn =provincienummer; dit nummer is te vinden in de opvraagbrief

Sheet 3.Toelichting
A1: Algemene toelichting bij de levering Informatie voor derden (Iv3).
A3: Volgens het Besluit Begroting en Verantwoording Provincies en Gemeenten (BBV), in het bijzonder artikel 71, en de Regeling vaststelling taakvelden en verstrekking informatie voor derden, dienen decentrale overheden het CBS financiële informatie te verschaffen op begrotings-, kwartaal- en jaarbasis.
A5: - | B5: Voor de begroting moeten de geraamde lasten en baten van de taakvelden en de geprognosticeerde balansmutaties, verbijzonderd naar de economische categorieën, worden aangeleverd.
A6: - | B6: Voor de kwartaalgegegevens moeten de gerealiseerde, gecumuleerde lasten en baten van de taakvelden en de balansmutaties, verbijzonderd naar de economische categorieën, worden aangeleverd, alsmede een overzicht van de financiële balansstanden.
A7: - | B7: Voor de jaarrekening moeten de gerealiseerde lasten en baten van de taakvelden en de balansmutaties, verbijzonderd naar de economische categorieën, worden aangeleverd, alsmede een overzicht van alle balansstanden.
A9: Het is de bedoeling dat u de in dit bestand bijgevoegde verdelingsmatrices voor baten, lasten en balansstanden (automatisch) vult met deze gegevens.
A11: De gevraagde informatie behoort te zijn voorzien van een ondertekende schriftelijke verklaring van het college (Regeling vaststelling taakvelden en verstrekking informatie voor derden, artikel 2, lid 1) dat de gegevens aan de gestelde eisen voldoen. Een voorbeeldmodel is opgenomen in het tabblad "8.Akkoordverklaring" in dit bestand.
A12: De informatie wordt pas als ontvangen beschouwd indien de verklaring van het college ook in het bezit van het CBS is.
A14: Dit gevulde bestand dient binnen de gestelde termijn naar het CBS te worden opgestuurd (zie voor versturing tabblad "2.Adressering"):
A15: - | B15: voor de begroting is de uiterlijke inzendtermijn vóór 15 november van het jaar voorafgaand aan het begrotingsjaar
A16: - | B16: voor de kwartaallevering is de uiterlijke inzendtermijn één maand na afloop van het kwartaal
A17: - | B17: voor de jaarrekening is de uiterlijke inzendtermijn vóór 15 juli na afloop van het betreffende jaar
A19: Na ontvangst van de bestanden (inclusief schriftelijke verklaring) toetst het CBS de informatie op plausibiliteit. Vervolgens zullen de resultaten van deze plausibiliteitcontrole teruggekoppeld worden naar het college.
A21: Dit bestand is bestemd voor alle inzendingen over 2026, dus voor zowel de rapportage begroting, als voor de rapportages kwartaal en jaar (zie het kopje "Eén opvraagbestand voor begrotingen, kwartaal- en jaarrekeningen")
A23: Wij verzoeken u de bedragen op te geven als positieve getallen (zowel lasten als baten) en in duizendtallen, bijv. € 23.810,- invullen als 24.
A25: Meer informatie kunt u vinden op : | C25: www.cbs.nl/kredo
A27: Eén opvraagbestand voor begrotingen, kwartaal- en jaarrekeningen
A29: Vanaf het boekjaar 2017 werkt het CBS met één opvraagbestand Iv3 voor zowel de rapportage begrotingen als kwartaal- en jaarrekeningen. In dit model zijn alle regels zichtbaar, ook indien, zoals bij de begrotingen en kwartaalrekeningen, niet alle tabbladen/posten hoeven te worden ingevuld. Omdat er niet langer sprake is van aparte opvraagbestanden voor begroting, kwartaalgegevens en jaarrekening, is een correcte naamgeving van de bestanden die u naar het CBS stuurt nog belangrijker dan voorheen. Zie het tabblad "2.Adressering".
A31: Interessante links voor vullen Iv3
A33: Als hulp bij het invullen van de matrices en balansstanden kan de volgende informatie van nut zijn:
A34: - | B34: Nadere toelichting van de taakvelden, categorieën en balansposten:
B35: Iv3-informatievoorschrift-2024 Provincies
A36: - | B36: Nadere toelichting van de taakvelden, categorieën en balansposten:
B37: vraagbaakiv3provincies.nl/
A38: - | B38: Trefwoordenlijsten inzake de heffingen, de categorieën en de balansposten:
B39: Trefwoordenlijsten
A40: - | B40: Voorbeelden van de wijze waarop u mutaties in voorzieningen kunt boeken.:
B41: Boekingen van voorzieningen
A42: - | B42: Beslisboom betreffende de rubricering van een betaling aan een andere partij binnen het kader van een (economische) transactie:
B43: Beslisboom economische categorieën
A44: - | B44: Notities van en/of gestelde vragen aan Commissie BBV naar onderwerp:
B45: Notities en vragen Commissie BBV
A47: Open data
A49: Het CBS stelt de onbewerkte Iv3-gegevens beschikbaar via open data. Het CBS hanteert hierbij het volgende publicatiebeleid. Het moment van beschikbaar stellen van Iv3-gegevens voor een verslagperiode is afhankelijk van de uiterste datum die geldt voor inzending aan het CBS van de Iv3-rapportage voor die verslagperiode. Voor de begroting is deze datum 14 november in het jaar voorafgaand aan het verslagjaar (j-1). Voor de kwartaalrekeningen van het eerste, tweede en derde kwartaal van jaar j is deze één maand na afloop van het kwartaal. Voor aanlevering van het vierde kwartaal van jaar j geldt een uiterste inzenddatum van 14 februari in het jaar volgend op het verslagjaar (j+1). Voor de jaarrekening is deze datum 14 juli in het jaar volgend op het verslagjaar (j+1).
A51: Alle voor een bepaalde verslagperiode ontvangen Iv3-gegevens worden tegelijkertijd beschikbaar gesteld. Dit gebeurt tien dagen na de uiterste inzenddatum. NB indien de berichtgever uiterlijk vijf dagen na de uiterste inzenddatum (nog) een (her)levering heeft gedaan, dan wordt die geplaatst.
A53: De berichtgever heeft daarnaast nog de gelegenheid een verbeterde versie van zijn Iv3-gegevens in te sturen. Dit kan tot uiterlijk twee maanden na de uiterste inzenddatum die gold voor de betreffende periode. Deze versie wordt vervolgens zeventig dagen na de uiterste inzenddatum beschikbaar gesteld. Voor beide publicatiedatums geldt dat indien de betreffende dag in het weekend of op een feestdag valt, de data op de eerstvolgende werkdag beschikbaar worden gesteld.
A54: Meer informatie vindt u op:
A55: https://www.cbs.nl/nl-nl/onze-diensten/open-data/iv3
A56: Via website Data Financiën Decentrale Overheden kunt u de financiële informatie eenvoudig tussen meerdere provincies vergelijken. Meer informatie vindt u op:
A57: https://www.findo.nl/
A59: Informatie provincie
A61: In het tabblad "4.Informatie" wordt u gevraagd om contactinformatie over uw provincie, de periode waarop de ingestuurde vragenlijst betrekking heeft en gegevens over de invuller of inhoudelijk deskundige te vermelden. In geval van inhoudelijke vragen en/of onduidelijkheden zal het CBS direct met de betreffende persoon contact opnemen.
A63: Let op:
A64: - | B64: Bij het vervallen van aparte opvraagbestanden voor begroting, kwartaalgegevens en jaarrekening (zie het kopje "Eén opvraagbestand voor begrotingen, kwartaal- en jaarrekeningen") is het van groot belang dat u de correcte periode invult waarop de ingestuurde informatie betrekking heeft.
A65: - | B65: De invuller van het tabblad "4.Informatie" hoeft niet gelijk te zijn aan de officiële, bij het ministerie van BZK geregistreerde, contactpersoon. Conform de leveringsprocedure beschreven in de BZK-circulaire Informatie voor derden van 29 juni 2009 verloopt de communicatie over de levering van de Iv3 en de berichtgever uitsluitend via deze contactpersoon. Wijziging van de contactpersoon dient u door te geven aan het Ministerie van BZK, via:
B66: https://www.rijksoverheid.nl/onderwerpen/financien-gemeenten-en-provincies/inhoud/uitwisseling-financiele-gegevens-met-sisa-en-iv3/single-information-single-audit-sisa
A68: Ook kunt u opmerkingen of een toelichting in het tabblad "4.Informatie" vermelden. Vanaf het opvraagmodel 2020 is in het tabblad een invulschema opgenomen waarin u eventuele boekwinsten/-verliezen bij de verkoop van financiële vaste activa (bv.effecten) en/of (im)materiële vaste activa kunt noteren.
A69: De verkoop van (im)materiële vaste activa en effecten dient volgens de commissie BBV voor het volledige bedrag in de exploitatie te worden verantwoord, dus zonder verrekening met de af te boeken boekwaarde van het actief. Bij de verkoop van deze activa kan eventueel boekwinst of boekverlies optreden. Boekwinsten en -verliezen op vaste activa mogen echter geen invloed hebben op het EMU-saldo. Daarom moet voor het EMU-saldo voor deze boekwinsten en -verliezen worden gecorrigeerd. Omdat de verkoopopbrengst als één bedrag op één categorie in de matrix wordt verantwoord, is zonder extra informatie eventuele boekwinst/-verlies niet uit de Iv3-data af te leiden.
A70: Wij verzoeken u daarom geraamde of gerealiseerde boekwinsten/-verliezen op vaste activa te noteren in het schema in het tabblad "4.Informatie". Onderstaand vindt u een toelichting op de in te vullen velden Taakveld(code), Boekwinst/-verlies en Toelichting:
A71: - | B71: Taakveld(code).De naam en/of code van het taakveld waarop de boekwinst/-verlies is verantwoord. Bij de verkoop van aandelen of obligaties moet dit taakveld Deelnemingen (code 0.4) respectievelijk taakveld Geldleningen en uitzettingen (code 0.3) zijn.
A72: - | B72: Boekwinst/-verlies. De boekwinst afgerond in duizendtallen. Bij boekverlies wordt een negatieve waarde verwacht.
A73: - | B73: Toelichting. U kunt in dit veld een toelichting geven om welke verkoop van activa het gaat.
A75: Akkoordverklaring
A77: Omdat het CBS vanaf verslagjaar 2017 werkt met één opvraagbestand Iv3 voor zowel de begrotings- als de kwartaal- en jaarrekeningrapportage, is het voorbeeldmodel van de schriftelijke verklaring van het college hierop aangepast. Op basis van de gekozen periode in het tabblad "4.Informatie" (0 voor begroting, 1 t/m 4 voor de kwartalen en 5 voor de jaarrapportage) worden de cellen A1, A5 en B13 in het tabblad "8.Akkoordverklaring" automatisch gevuld. Het is daarom belangrijk dat u correcte informatie over het te versturen bericht invult in het tabblad "4. informatie".
A79: Verdelingsmatrix lasten en baten
A81: Bij het onderdeel verdelingsmatrix wordt gevraagd naar een overzicht van de baten en lasten van de taakvelden en naar een overzicht van de balansmutaties, verbijzonderd naar de economische categorieën. De voorschriften van het BBV en de Regeling vaststelling taakvelden en verstrekking Informatie voor derden van 18 april 2016 zijn hierop van toepassing. Voor het invullen van de verdelingsmatrix zijn de tabbladen "5.Verdelingsmatrix lasten" en "6.Verdelingsmatrix baten" bestemd.
A82: De specificaties van de taakvelden, categorieën en balansposten zijn opgenomen in de Regeling vaststelling taakvelden en verstrekking informatie voor derden, het Iv3-Informatievoorschrift provincies verslagjaar 2019 en (voor de balansposten) het BBV, in het bijzonder de artikelen 30 t/m 58.
A84: De verdelingsmatrix gaat uit van een bruto invulling. Dit houdt in dat vermeerderingen en verminderingen apart worden weergegeven.
A85: Let op: bij de kwartaallevering dienen de gegevens cumulatief ingevuld te worden. De opgave die het CBS bijvoorbeeld over het tweede kwartaal ontvangt, betreft dus de gegevens van 1 januari tot en met 30 juni.
A87: De verdelingsmatrices zijn verdeeld in grijze en witte cellen. Het CBS verwacht op een grijze cel geen of vrijwel geen boekingen. Let op: een grijze cel betekent niet dat hier niets mag worden geboekt. Indien u op een grijze cel een last of baat verantwoordt, verzoeken wij u deze boeking toe te lichten in het tabblad "4.Informatie". Zo kunnen eventuele onjuistheden in de grijs-wit verdeling van de matrices worden verbeterd.
A89: Overzicht van balansstanden
A91: Op kwartaal- en jaarbasis worden balansstanden gevraagd (zowel primo als ultimo). Voor de begroting hoeft de balans niet ingevuld te worden.
A92: Per kwartaal wordt de financiële balans en per jaar een volledige balans gevraagd.
A94: Voor het invullen van de balansstanden is het tabblad "7.Balansstanden" bestemd. Uitleg over de afzonderlijke balansposten is opgenomen in de artikelen 30 t/m 58 van het BBV en in Iv3-Informatievoorschrift 2019 provincies.
... A103: De kapitaaloverdrachten zijn uitgesplitst in investeringsbijdragen en overige kapitaaloverdrachten:
B104: Kapitaaloverdrachten:
B105: Oud | C105: Nieuw
B106: 4.4.1 Kapitaaloverdrachten Rijk | C106: 4.5.1 Investeringsbijdragen Rijk
B107: 4.4.2 Kapitaaloverdrachten gemeenten | C107: 4.5.2 Investeringsbijdragen gemeenten
B108: 4.4.3 Kapitaaloverdrachten gemeenschappelijke regelingen | C108: 4.5.3 Investeringsbijdragen gemeenschappelijke regelingen
B109: 4.4.4 Kapitaaloverdrachten provincies | C109: 4.5.4 Investeringsbijdragen provincies
B110: 4.4.5 Kapitaaloverdrachten waterschappen | C110: 4.5.5 Investeringsbijdragen waterschappen
B111: 4.4.6 Kapitaaloverdrachten overige overheden | C111: 4.5.6 Investeringsbijdragen overige overheden
B112: 4.4.7 Kapitaaloverdrachten Europese Unie | C112: 4.5.7 Investeringsbijdragen Europese Unie
B113: 4.4.8 Kapitaaloverdrachten overige instellingen en personen | C113: 4.5.8 Investeringsbijdragen overige instellingen en personen
B114: 4.4.9 Kapitaaloverdrachten onverdeeld (alleen bij begroting)* | C114: 4.4.9 Kapitaaloverdrachten onverdeeld (alleen bij begroting)*
C116: 4.6.6 Overige kapitaaloverdrachten overheid
C117: 4.6.8 Overige kapitaaloverdrachten overige instelingen en personen
B118: * Cat. 4.4.9 is niet uitgesplitst in 'investeringsbijdragen' en 'overige kapitaaloverdrachten' en blijft dus ongewijzigd. Deze categorie mag echter alleen bij de begroting worden gebruikt en niet bij de kwartaalleveringen en de levering van de jaarcijfers.
B120: De balansposten zijn verder uitgesplitst naar tegenpartij
B122: Aanpassing balansposten
B124: Oud | C124: Nieuw
B126: A1331a Leningen aan openbare lichamen (art. 1a Wet Fido)* | C126: A1331b Overige langlopende leningen
B127: A1331b Overige langlopende leningen | C127: A1331c Langlopende leningen aan gemeenten (art. 1a Wet Fido)*
C128: A1331d Langlopende leningen aan gemeenschappelijke regelingen (art. 1a Wet Fido)*
C129: A1331e Langlopende leningen aan overige overheden (art. 1a Wet Fido)*
B131: A221 Vorderingen op openbare lichamen | C131: A221a Vorderingen op gemeenten
C132: A221b Vorderingen op gemeenschappelijke regelingen
C133: A221c Vorderingen op overige overheden
B135: A222a Verstrekte kasgeldleningen aan openbare lichamen (art. 1a Wet Fido)** | C135: A222b Overige verstrekte kasgeldleningen (niet-overheid)
B136: A222b Overige verstrekte kasgeldleningen | C136: A222c Verstrekte kasgeldleningen aan gemeenten (art. 1a Wet Fido)
C137: A222d Verstrekte kasgeldleningen aan gemeenschappelijke regelingen (art. 1a Wet Fido)
C138: A222e Verstrekte kasgeldleningen aan overige overheden (art. 1a Wet Fido)
B141: A29a Nog te ontvangen bijdragen van de EU | C141: A29a Nog te ontvangen bijdragen van de EU
B142: A29b Nog te ontvangen bijdragen van het Rijk | C142: A29b Nog te ontvangen bijdragen van het Rijk
B143: A29c Nog te ontvangen bijdragen van overige overheid*** | C143: A29d Overige overlopende activa (niet-overheid)
B144: A29d Overige overlopende activa | C144: A29e Nog te ontvangen bijdragen van provincies
C145: A29f Nog te ontvangen bijdragen van gemeenten
C146: A29g Nog te ontvangen bijdragen van overige overheden
B150: P135a Onderhandse leningen van openbare lichamen (art. 1a Wet Fido)**** | C150: P135b Onderhandse leningen van overige binnenlandse sectoren
...

Sheet 4.Informatie
B1: Vragenlijst
B2: Informatie voor derden (iv3) volgens het BBV
B3: ="Provincie: " & C5 -> Provincie: aaaa
B5: Naam | C5: aaaa | H5: Bestandsnaam: | I5: =IF(OR(C5 = "aaaa",C6="0000"),"Gegevens invullen!","KRD"&RIGHT(C7,2)&C8&"03"&C6&".xlsx") -> Gegevens invullen!
B6: Nummer | C6: 0000 | F6: =CONCATENATE(IF(ISERROR(_xlfn.NUMBERVALUE(C6)), "Overheidsnummer moet numeriek zijn!", "")," ", IF(LEN(C6)<>4, "Overheidsnummer moet uit 4 cijfers bestaan!", ""), IF(C6="0000", "Overheidsnummer 4 cijfers svp invullen", "")) -> Overheidsnummer 4 cijfers svp invullen
B7: Jaar | C7: 2026
B8: Periode | C8: 3 | F8: 0 = begroting, 1 - 4 = kwartalen, 5 = jaarrekening
C9: LET OP DE PERIODE!
B11: Contactgegevens: | C11: Let op: de contactgegevens zijn van degene waarmee rechtstreeks contact kan worden opgenomen bij inhoudelijke vragen en hoeven niet gelijk te zijn aan die van de officiële, bij het ministerie van BZK geregistreerde contactpersoon
B12: Naam:
B13: Afdeling:
B14: Functie:
B15: Telefoon:
B16: E-mail:
B17: Datum:
B20: Ruimte voor toelichting
B40: Boekwinst/verlies bij verkoop financiële vaste activa (bv. effecten) en (im)materiële vaste activa ¹
B41: Taakveld(code) | C41: Boekwinst/-verlies | D41: Toelichting
C42: x € 1000,-
B47: ¹ Voor meer informatie: zie blad "3.Toelichting" onder het kopje "Informatie provincie"

Sheet 5.Verdelingsmatrix lasten
A1: ="Verdelingsmatrix provincie "&'4.Informatie'!C5&" ("&'4.Informatie'!C6&"): "&'4.Informatie'!C7&" periode "&'4.Informatie'!C8&", lasten" -> Verdelingsmatrix provincie aaaa (0000): 2026 periode 3, lasten | C1: 1.1 | D1: 2.1 | E1: 3.1 | F1: 3.2 | G1: 3.3 | H1: 3.4.1 | I1: 3.5.1 | J1: 3.8 | K1: 4.1.1 | L1: 4.2 | M1: 4.3.1 | N1: 4.3.2 | O1: 4.3.3 | P1: 4.3.4 | Q1: 4.3.5 | R1: 4.3.6 | S1: 4.3.7 | T1: 4.3.8 | U1: 4.3.9 | V1: 4.4.9 | W1: 4.5.1 | X1: 4.5.2 | Y1: 4.5.3 | Z1: 4.5.4 | AA1: 4.5.5 | AB1: 4.5.6 | AC1: 4.5.7 | AD1: 4.5.8 | AE1: 4.6.6 | AF1: 4.6.8 | AG1: 5.1 | AH1: 6.1 | AI1: 7.1 | AJ1: 7.2 | AK1: 7.3 | AL1: 7.4 | AM1: 7.5
A2: Taakvelden | B2: Categorieën | C2: Salarissen en sociale lasten | D2: Belastingen | E2: Grond | F2: Duurzame goederen | G2: Pachten | H2: Sociale uitkeringen in natura | I2: Ingeleend personeel | J2: Overige goederen en diensten | K2: Sociale uitkeringen in geld | L2: Subsidies | M2: Inkomensoverdrachten - Rijk | N2: Inkomensoverdrachten - gemeenten | O2: Inkomensoverdrachten - gemeenschappelijke regelingen | P2: Inkomensoverdrachten - provincies | Q2: Inkomensoverdrachten - waterschappen | R2: Inkomensoverdrachten - overige overheden | S2: Inkomensoverdrachten - Europese Unie | T2: Inkomensoverdrachten - overige instellingen en personen | U2: Inkomensoverdrachten - onverdeeld | V2: Kapitaaloverdrachten -onverdeeld | W2: Investeringsbijdragen - Rijk | X2: Investeringsbijdragen - gemeenten | Y2: Investeringsbijdragen - gemeenschappelijke regelingen | Z2: Investeringsbijdragen - provincies | AA2: Investeringsbijdragen - waterschappen | AB2: Investeringsbijdragen - overige overheden | AC2: Investeringsbijdragen - Europese Unie | AD2: Investeringsbijdragen - overige instellingen en personen | AE2: Overige kapitaaloverdrachten - overheid | AF2: Overige kapitaaloverdrachten - overige instellingen en personen | AG2: Rente | AH2: Financiële transacties | AI2: Mutatie reserves | AJ2: Mutatie voorzieningen | AK2: Afschrijvingen | AL2: Toegerekende reële en bespaarde rente | AM2: Overige verrekeningen | AN2: Totaal taakvelden/balansmutaties
A4: Taakveld 0. | B4: =UPPER("Algemene dekkingsmiddelen") -> ALGEMENE DEKKINGSMIDDELEN
A5: 0.1 | B5: Uitkering provinciefonds | AN5: =SUM(C5:AM5) -> 0
A6: 0.2 | B6: Opbrengst provinciale belastingen | C6: 71 | J6: 1 | AN6: =SUM(C6:AM6) -> 72
A7: 0.3 | B7: Geldleningen en uitzettingen | J7: 20 | AG7: 86 | AN7: =SUM(C7:AM7) -> 106
A8: 0.4 | B8: Deelnemingen | C8: 50 | J8: 1 | AN8: =SUM(C8:AM8) -> 51
A9: 0.5 | B9: Algemene dekkingsmiddelen, overige baten en lasten | C9: -3 | F9: -16 | I9: -95 | J9: -2153 | M9: 86 | N9: -1044 | P9: -53 | R9: -998 | T9: -4456 | AN9: =SUM(C9:AM9) -> -8732
A10: 0.6 | B10: Overhead | C10: 25141 | D10: 570 | F10: 1432 | I10: 543 | J10: 11822 | M10: 8 | N10: 1 | T10: 289 | AJ10: 2347 | AK10: 1604 | AN10: =SUM(C10:AM10) -> 43757
A11: 0.7 | B11: Vennootschapsbelasting | AN11: =SUM(C11:AM11) -> 0
A12: 0.8 | B12: Mutaties reserves | AI12: 40385 | AN12: =SUM(C12:AM12) -> 40385
A13: 0.9 | B13: Resultaat | AN13: =SUM(C13:AM13) -> 0
A14: Totaal Taakveld 0. | C14: =SUM(C5:C13) -> 25259 | D14: =SUM(D5:D13) -> 570 | E14: =SUM(E5:E13) -> 0 | F14: =SUM(F5:F13) -> 1416 | G14: =SUM(G5:G13) -> 0 | H14: =SUM(H5:H13) -> 0 | I14: =SUM(I5:I13) -> 448 | J14: =SUM(J5:J13) -> 9691 | ... AM14: =SUM(AM5:AM13) -> 0 | AN14: =SUM(C14:AM14) -> 75639
A16: Taakveld 1. | B16: BESTUUR
A17: 1.1 | B17: Provinciale Staten | C17: 2176 | F17: 138 | J17: 659 | T17: 1414 | AK17: 4 | AN17: =SUM(C17:AM17) -> 4391
A18: 1.2 | B18: Gedeputeerde Staten | C18: 858 | I18: 378 | J18: 275 | AN18: =SUM(C18:AM18) -> 1511
A19: 1.3 | B19: Kabinetszaken | C19: 2951 | F19: 1 | I19: 215 | J19: 68 | T19: 62 | AN19: =SUM(C19:AM19) -> 3297
A20: 1.4 | B20: Bestuurlijke organisatie | C20: 1447 | I20: -1 | J20: 40 | T20: 12 | AN20: =SUM(C20:AM20) -> 1498
A21: 1.5 | B21: Interbestuurlijk toezicht op de regio | J21: 2 | AN21: =SUM(C21:AM21) -> 2
A22: 1.6 | B22: Openbare orde en veiligheid | J22: 104 | R22: 775 | T22: 306 | AN22: =SUM(C22:AM22) -> 1185
A23: 1.9 | B23: Bestuur, overige baten en lasten | C23: 1955 | F23: 6 | I23: -1 | J23: 4237 | P23: 4 | T23: 52 | AN23: =SUM(C23:AM23) -> 6253
A24: Totaal Taakveld 1. | C24: =SUM(C17:C23) -> 9387 | D24: =SUM(D17:D23) -> 0 | E24: =SUM(E17:E23) -> 0 | F24: =SUM(F17:F23) -> 145 | G24: =SUM(G17:G23) -> 0 | H24: =SUM(H17:H23) -> 0 | I24: =SUM(I17:I23) -> 591 | J24: =SUM(J17:J23) -> 5385 | ... AM24: =SUM(AM17:AM23) -> 0 | AN24: =SUM(C24:AM24) -> 18137
A26: Taakveld 2. | B26: VERKEER EN VERVOER
A27: 2.1 | B27: Landwegen | C27: 8469 | F27: 1728 | I27: 29 | J27: 16508 | N27: 888 | O27: 28 | T27: 102 | AJ27: 43 | AK27: 11401 | AN27: =SUM(C27:AM27) -> 39196
A28: 2.2 | B28: Waterwegen | AN28: =SUM(C28:AM28) -> 0
A29: 2.3 | B29: Openbaar vervoer | C29: 816 | J29: 760 | M29: 17 | T29: 79541 | AD29: 8770 | AK29: 1448 | AN29: =SUM(C29:AM29) -> 91352
A30: 2.9 | B30: Verkeer en vervoer, overige baten en lasten | C30: 2198 | F30: 37 | I30: -1 | J30: 1220 | M30: 55 | N30: 1897 | P30: 6 | T30: 2170 | AK30: 62 | AN30: =SUM(C30:AM30) -> 7644
A31: Totaal Taakveld 2. | C31: =SUM(C27:C30) -> 11483 | D31: =SUM(D27:D30) -> 0 | E31: =SUM(E27:E30) -> 0 | F31: =SUM(F27:F30) -> 1765 | G31: =SUM(G27:G30) -> 0 | H31: =SUM(H27:H30) -> 0 | I31: =SUM(I27:I30) -> 28 | J31: =SUM(J27:J30) -> 18488 | ... AM31: =SUM(AM27:AM30) -> 0 | AN31: =SUM(C31:AM31) -> 138192
A33: Taakveld 3. | B33: WATER
A34: 3.1 | B34: Waterkeringen | C34: 1015 | F34: -7 | I34: 496 | J34: 1002 | N34: 176 | Q34: 110 | T34: 1685 | AN34: =SUM(C34:AM34) -> 4477
A35: 3.2 | B35: Kwantiteit oppervlaktewater | C35: 822 | J35: 28 | N35: 52 | T35: 345 | AK35: -19 | AN35: =SUM(C35:AM35) -> 1228
A36: 3.3 | B36: Kwantiteit grondwater | C36: 297 | F36: 6 | I36: 18 | J36: 223 | N36: 25 | AN36: =SUM(C36:AM36) -> 569
A37: 3.4 | B37: Kwaliteit oppervlaktewater | J37: 98 | AN37: =SUM(C37:AM37) -> 98
A38: 3.5 | B38: Kwaliteit grondwater | J38: 27 | T38: 482 | AN38: =SUM(C38:AM38) -> 509
A39: 3.9 | B39: Water, overige baten en lasten | C39: 1527 | I39: -1 | J39: 104 | N39: 2651 | T39: 2430 | X39: 340 | AN39: =SUM(C39:AM39) -> 7051
A40: Totaal Taakveld 3. | C40: =SUM(C34:C39) -> 3661 | D40: =SUM(D34:D39) -> 0 | E40: =SUM(E34:E39) -> 0 | F40: =SUM(F34:F39) -> -1 | G40: =SUM(G34:G39) -> 0 | H40: =SUM(H34:H39) -> 0 | I40: =SUM(I34:I39) -> 513 | J40: =SUM(J34:J39) -> 1482 | ... AM40: =SUM(AM34:AM39) -> 0 | AN40: =SUM(C40:AM40) -> 13932
A42: Taakveld 4. | B42: MILIEU
A43: 4.1 | B43: Bodembescherming | C43: 533 | I43: 2 | J43: 115 | P43: 9 | T43: 406 | AN43: =SUM(C43:AM43) -> 1065
A44: 4.2 | B44: Luchtverontreiniging | AN44: =SUM(C44:AM44) -> 0
A45: 4.3 | B45: Geluidhinder | C45: 74 | J45: 1 | AN45: =SUM(C45:AM45) -> 75
A46: 4.4 | B46: Vergunningverlening en handhaving | F46: 8 | I46: 2 | J46: 10719 | R46: 116 | T46: 321 | AN46: =SUM(C46:AM46) -> 11166
A47: 4.5 | B47: Ontgronding | AN47: =SUM(C47:AM47) -> 0
A48: 4.6 | B48: Duurzaamheid | C48: 1945 | F48: 1 | I48: 436 | J48: 440 | N48: 163 | P48: 6 | R48: 1584 | T48: 395 | X48: 140 | AD48: 710 | AN48: =SUM(C48:AM48) -> 5820
A49: 4.9 | B49: Milieu, overige baten en lasten | C49: 6906 | I49: -1 | J49: 150 | N49: 18 | R49: 48 | AN49: =SUM(C49:AM49) -> 7121
A50: Totaal Taakveld 4. | C50: =SUM(C43:C49) -> 9458 | D50: =SUM(D43:D49) -> 0 | E50: =SUM(E43:E49) -> 0 | F50: =SUM(F43:F49) -> 9 | G50: =SUM(G43:G49) -> 0 | H50: =SUM(H43:H49) -> 0 | I50: =SUM(I43:I49) -> 439 | J50: =SUM(J43:J49) -> 11425 | ... AM50: =SUM(AM43:AM49) -> 0 | AN50: =SUM(C50:AM50) -> 25247
A52: Taakveld 5. | B52: NATUUR
A53: 5.1 | B53: Natuurontwikkeling | C53: 1484 | D53: 1 | F53: -70 | G53: 41 | I53: 3 | J53: 904 | T53: -4578 | AM53: 6910 | AN53: =SUM(C53:AM53) -> 4695
A54: 5.2 | B54: Beheer natuurgebieden | C54: 223 | E54: 30 | F54: 37 | I54: 6 | J54: 5685 | M54: 1391 | N54: 50 | T54: 18604 | AN54: =SUM(C54:AM54) -> 26026
A55: 5.3 | B55: Beheer flora en fauna | C55: 2361 | F55: 2 | I55: 9 | J55: 792 | N55: 1475 | T55: 268 | AN55: =SUM(C55:AM55) -> 4907
A56: 5.9 | B56: Natuur, overige baten en lasten | C56: 3191 | E56: 75 | F56: 216 | I56: 330 | J56: 1904 | N56: 1630 | T56: 22324 | AD56: 63 | AN56: =SUM(C56:AM56) -> 29733
A57: Totaal Taakveld 5. | C57: =SUM(C53:C56) -> 7259 | D57: =SUM(D53:D56) -> 1 | E57: =SUM(E53:E56) -> 105 | F57: =SUM(F53:F56) -> 185 | G57: =SUM(G53:G56) -> 41 | H57: =SUM(H53:H56) -> 0 | I57: =SUM(I53:I56) -> 348 | J57: =SUM(J53:J56) -> 9285 | ... AM57: =SUM(AM53:AM56) -> 6910 | AN57: =SUM(C57:AM57) -> 65361
A59: Taakveld 6. | B59: REGIONALE ECONOMIE
A60: 6.1 | B60: Agrarische aangelegenheden | J60: 252 | M60: 205 | N60: 118 | R60: 115 | T60: 1647 | AN60: =SUM(C60:AM60) -> 2337
A61: 6.2 | B61: Logistiek | J61: 4 | AJ61: 175 | AN61: =SUM(C61:AM61) -> 179
A62: 6.3 | B62: Kennis en innovatie | C62: 2251 | F62: 32 | I62: 95 | J62: 1053 | L62: 242 | N62: 74 | R62: 1875 | T62: 5807 | AD62: 589 | AK62: 49 | AM62: 1250 | AN62: =SUM(C62:AM62) -> 13317
A63: 6.4 | B63: Recreatie en toerisme | F63: 175 | J63: 88 | O63: 15 | T63: 180 | AN63: =SUM(C63:AM63) -> 458
A64: 6.9 | B64: Regionale economie, overige baten en lasten | C64: 2865 | I64: 8 | J64: 1541 | N64: 4992 | T64: 5931 | X64: 608 | AN64: =SUM(C64:AM64) -> 15945
A65: Totaal Taakveld 6. | C65: =SUM(C60:C64) -> 5116 | D65: =SUM(D60:D64) -> 0 | E65: =SUM(E60:E64) -> 0 | F65: =SUM(F60:F64) -> 207 | G65: =SUM(G60:G64) -> 0 | H65: =SUM(H60:H64) -> 0 | I65: =SUM(I60:I64) -> 103 | J65: =SUM(J60:J64) -> 2938 | ... AM65: =SUM(AM60:AM64) -> 1250 | AN65: =SUM(C65:AM65) -> 32236
A67: Taakveld 7. | B67: CULTUUR EN MAATSCHAPPIJ
A68: 7.1 | B68: Cultuur | C68: 1746 | F68: 3 | I68: -1 | J68: 405 | N68: 760 | T68: 34429 | AJ68: 1023 | AK68: 998 | AN68: =SUM(C68:AM68) -> 39363
A69: 7.2 | B69: Maatschappij | C69: 1674 | I69: -1 | J69: 760 | N69: 714 | R69: 479 | T69: 9542 | AN69: =SUM(C69:AM69) -> 13168
A70: 7.9 | B70: Cultuur en maatschappij, overige baten en lasten | J70: 143 | T70: 2273 | AN70: =SUM(C70:AM70) -> 2416
A71: Totaal Taakveld 7. | C71: =SUM(C68:C70) -> 3420 | D71: =SUM(D68:D70) -> 0 | E71: =SUM(E68:E70) -> 0 | F71: =SUM(F68:F70) -> 3 | G71: =SUM(G68:G70) -> 0 | H71: =SUM(H68:H70) -> 0 | I71: =SUM(I68:I70) -> -2 | J71: =SUM(J68:J70) -> 1308 | ... AM71: =SUM(AM68:AM70) -> 0 | AN71: =SUM(C71:AM71) -> 54947
A73: Taakveld 8. | B73: RUIMTE
A74: 8.1 | B74: Ruimte en leefomgeving | C74: 3815 | D74: 372 | F74: 27 | I74: 147 | J74: 766 | N74: 2090 | T74: 2359 | X74: 800 | AD74: 1514 | AN74: =SUM(C74:AM74) -> 11890
A75: 8.2 | B75: Volkshuisvesting | C75: 148 | F75: 27 | I75: 122 | J75: 320 | N75: 1849 | T75: 167 | AN75: =SUM(C75:AM75) -> 2633
A76: 8.3 | B76: Stedelijke vernieuwing | C76: 1949 | I76: -1 | J76: 86 | N76: 360 | X76: 703 | AN76: =SUM(C76:AM76) -> 3097
A77: 8.9 | B77: Ruimte, overige baten en lasten | E77: 2527 | F77: 46 | I77: 62 | J77: 279 | N77: 2139 | T77: 54 | AN77: =SUM(C77:AM77) -> 5107
A78: Totaal Taakveld 8. | C78: =SUM(C74:C77) -> 5912 | D78: =SUM(D74:D77) -> 372 | E78: =SUM(E74:E77) -> 2527 | F78: =SUM(F74:F77) -> 100 | G78: =SUM(G74:G77) -> 0 | H78: =SUM(H74:H77) -> 0 | I78: =SUM(I74:I77) -> 330 | J78: =SUM(J74:J77) -> 1451 | ... AM78: =SUM(AM74:AM77) -> 0 | AN78: =SUM(C78:AM78) -> 22727
A80: Totaal taakvelden | C80: =SUM(C14,C24,C31,C40,C50,C57,C65,C71,C78) -> 80955 | D80: =SUM(D14,D24,D31,D40,D50,D57,D65,D71,D78) -> 943 | E80: =SUM(E14,E24,E31,E40,E50,E57,E65,E71,E78) -> 2632 | F80: =SUM(F14,F24,F31,F40,F50,F57,F65,F71,F78) -> 3829 | G80: =SUM(G14,G24,G31,G40,G50,G57,G65,G71,G78) -> 41 | H80: =SUM(H14,H24,H31,H40,H50,H57,H65,H71,H78) -> 0 | I80: =SUM(I14,I24,I31,I40,I50,I57,I65,I71,I78) -> 2798 | J80: =SUM(J14,J24,J31,J40,J50,J57,J65,J71,J78) -> 61453 | ... AM80: =SUM(AM14,AM24,AM31,AM40,AM50,AM57,AM65,AM71,AM78) -> 8160 | AN80: =SUM(C80:AM80) -> 446418
A82: Balansmutaties
A84: Vaste Activa
A85: A111 | B85: Immateriële vaste activa: Kosten verbonden aan sluiten geldlening en saldo agio/disagio | AN85: =SUM(C85:AM85) -> 0
A86: A112 | B86: Immateriële vaste activa: Kosten onderzoek en ontwikkeling voor een bepaald actief | AN86: =SUM(C86:AM86) -> 0
A87: A113 | B87: Immateriële vaste activa: Bijdragen aan activa in eigendom van derden | F87: 136 | J87: 37779 | N87: 29 | X87: 30 | AN87: =SUM(C87:AM87) -> 37974
A88: A121 | B88: Materiële vaste activa: Gronden en terreinen | F88: 6 | T88: 37 | AN88: =SUM(C88:AM88) -> 43
A89: A122 | B89: Materiële vaste activa: Woonruimten | AN89: =SUM(C89:AM89) -> 0
A90: A123 | B90: Materiële vaste activa: Bedrijfsgebouwen | AN90: =SUM(C90:AM90) -> 0
A91: A124 | B91: Materiële vaste activa: Grond-, weg- en waterbouwkundige werken | E91: 194 | F91: 8719 | I91: 6 | J91: 4517 | N91: 300 | T91: 34 | X91: 2481 | AN91: =SUM(C91:AM91) -> 16251
A92: A125 | B92: Materiële vaste activa: Vervoermiddelen | AN92: =SUM(C92:AM92) -> 0
A93: A126 | B93: Materiële vaste activa: Machines, apparaten en installaties | F93: 448 | J93: 1482 | AN93: =SUM(C93:AM93) -> 1930
A94: A129 | B94: Materiële vaste activa: Overig | F94: 282 | AN94: =SUM(C94:AM94) -> 282
A95: A1311 | B95: Financiële vaste activa: Kapitaalverstrekking aan deelnemingen | AH95: 32207 | AN95: =SUM(C95:AM95) -> 32207
A96: A1312 | B96: Financiële vaste activa: Kapitaalverstrekking aan gemeenschappelijke regelingen | AN96: =SUM(C96:AM96) -> 0
A97: A1313 | B97: Financiële vaste activa: Kapitaalverstrekking aan overige verbonden partijen | AN97: =SUM(C97:AM97) -> 0
A98: A1321 | B98: Financiële vaste activa: Leningen aan woningbouwcorporaties | AN98: =SUM(C98:AM98) -> 0
A99: A1322 | B99: Financiële vaste activa: Leningen aan deelnemingen | AN99: =SUM(C99:AM99) -> 0
A100: A1323 | B100: Financiële vaste activa: Leningen aan overige verbonden partijen | AN100: =SUM(C100:AM100) -> 0
A101: A1331b | B101: Financiële vaste activa: Overige langlopende leningen | AH101: 37499 | AN101: =SUM(C101:AM101) -> 37499
A102: A1331c | B102: Financiële vaste activa: Langlopende leningen aan gemeenten (art. 1a Wet Fido) | AN102: =SUM(C102:AM102) -> 0
A103: A1331d | B103: Financiële vaste activa: Langlopende leningen aan gemeenschappelijke regelingen (art. 1a Wet Fido) | AN103: =SUM(C103:AM103) -> 0
A104: A1331e | B104: Financiële vaste activa: Langlopende leningen aan overige overheden (art. 1a Wet Fido) | AN104: =SUM(C104:AM104) -> 0
A105: A1332a | B105: Financiële vaste activa: Uitzettingen in ’s Rijks schatkist met een looptijd ≥ 1 jaar | AN105: =SUM(C105:AM105) -> 0
A106: A1332b | B106: Financiële vaste activa: Uitzettingen in de vorm van Nederlands schuldpapier met een looptijd ≥ 1 jaar | AN106: =SUM(C106:AM106) -> 0
A107: A1332c | B107: Financiële vaste activa: Overige uitzettingen met een looptijd ≥ 1 jaar | AN107: =SUM(C107:AM107) -> 0
A108: Totaal Vaste Activa | C108: =SUM(C85:C107) -> 0 | D108: =SUM(D85:D107) -> 0 | E108: =SUM(E85:E107) -> 194 | F108: =SUM(F85:F107) -> 9591 | G108: =SUM(G85:G107) -> 0 | H108: =SUM(H85:H107) -> 0 | I108: =SUM(I85:I107) -> 6 | J108: =SUM(J85:J107) -> 43778 | ... AM108: =SUM(AM85:AM107) -> 0 | AN108: =SUM(C108:AM108) -> 126186
A110: Vlottende Activa
A111: A212 | B111: Voorraden: Overige grond- en hulpstoffen | AN111: =SUM(C111:AM111) -> 0
A112: A213 | B112: Voorraden: Onderhanden werk (incl. bouwgronden in exploitatie) | D112: 9 | E112: 5087 | F112: 18 | J112: 403 | T112: -8355 | Y112: 2684 | AN112: =SUM(C112:AM112) -> -154
A113: A214 | B113: Voorraden: Gereed product en handelsgoederen | F113: -5 | AM113: 1933 | AN113: =SUM(C113:AM113) -> 1928
...

Sheet 6.Verdelingsmatrix baten
A1: ="Verdelingsmatrix provincie "&'4.Informatie'!C5&" ("&'4.Informatie'!C6&"): "&'4.Informatie'!C7&" periode "&'4.Informatie'!C8&", baten" -> Verdelingsmatrix provincie aaaa (0000): 2026 periode 3, baten | C1: 2.2.1 | D1: 2.2.2 | E1: 3.1 | F1: 3.2 | G1: 3.3 | H1: 3.4.2 | I1: 3.5.2 | J1: 3.6 | K1: 3.7 | L1: 3.8 | M1: 4.1.2 | N1: 4.3.1 | O1: 4.3.2 | P1: 4.3.3 | Q1: 4.3.4 | R1: 4.3.5 | S1: 4.3.6 | T1: 4.3.7 | U1: 4.3.8 | V1: 4.3.9 | W1: 4.4.9 | X1: 4.5.1 | Y1: 4.5.2 | Z1: 4.5.3 | AA1: 4.5.4 | AB1: 4.5.5 | AC1: 4.5.6 | AD1: 4.5.7 | AE1: 4.5.8 | AF1: 4.6.6 | AG1: 4.6.8 | AH1: 5.1 | AI1: 5.2 | AJ1: 6.1 | AK1: 7.1 | AL1: 7.2 | AM1: 7.3 | AN1: 7.4 | AO1: 7.5
A2: Taakvelden | B2: Categorieën | C2: Belastingen op producenten | D2: Belastingen op huishoudens | E2: Grond | F2: Duurzame goederen | G2: Pachten | H2: Eigen bijdragen en verhaal sociale uitkeringen in natura | I2: Uitgeleend personeel | J2: Huren | K2: Leges en andere rechten | L2: Overige goederen en diensten | M2: Verhaal sociale uitkeringen in geld | N2: Inkomensoverdrachten - Rijk | O2: Inkomensoverdrachten - gemeenten | P2: Inkomensoverdrachten - gemeenschappelijke regelingen | Q2: Inkomensoverdrachten - provincies | R2: Inkomensoverdrachten - waterschappen | S2: Inkomensoverdrachten - overige overheden | T2: Inkomensoverdrachten - Europese Unie | U2: Inkomensoverdrachten - overige instellingen en personen | V2: Inkomensoverdrachten - onverdeeld | W2: Kapitaaloverdrachten -onverdeeld | X2: Investeringsbijdragen - Rijk | Y2: Investeringsbijdragen - gemeenten | Z2: Investeringsbijdragen - gemeenschappelijke regelingen | AA2: Investeringsbijdragen - provincies | AB2: Investeringsbijdragen - waterschappen | AC2: Investeringsbijdragen - overige overheden | AD2: Investeringsbijdragen - Europese Unie | AE2: Investeringsbijdragen - overige instellingen en personen | AF2: Overige kapitaaloverdrachten - overheid | AG2: Overige kapitaaloverdrachten - overige instellingen en personen | AH2: Rente | AI2: Dividenden en winsten | AJ2: Financiële transacties | AK2: Mutatie reserves | AL2: Mutatie voorzieningen | AM2: Afschrijvingen | AN2: Toegerekende reële en bespaarde rente | AO2: Overige verrekeningen | AP2: Totaal taakvelden/balansmutaties
A4: Taakveld 0. | B4: =UPPER("Algemene dekkingsmiddelen") -> ALGEMENE DEKKINGSMIDDELEN
A5: 0.1 | B5: Uitkering provinciefonds | N5: 231406 | AP5: =SUM(C5:AO5) -> 231406
A6: 0.2 | B6: Opbrengst provinciale belastingen | D6: 95917 | AP6: =SUM(C6:AO6) -> 95917
A7: 0.3 | B7: Geldleningen en uitzettingen | AH7: 13048 | AP7: =SUM(C7:AO7) -> 13048
A8: 0.4 | B8: Deelnemingen | AI8: 16743 | AP8: =SUM(C8:AO8) -> 16743
A9: 0.5 | B9: Algemene dekkingsmiddelen, overige baten en lasten | D9: -337 | E9: 37 | F9: 7 | O9: 179 | Q9: 355 | T9: -197 | U9: 46 | AP9: =SUM(C9:AO9) -> 90
A10: 0.6 | B10: Overhead | I10: 1 | J10: 392 | L10: 247 | U10: 4 | X10: 5 | AP10: =SUM(C10:AO10) -> 649
A11: 0.7 | B11: Vennootschapsbelasting | AP11: =SUM(C11:AO11) -> 0
A12: 0.8 | B12: Mutaties reserves | AK12: 13583 | AP12: =SUM(C12:AO12) -> 13583
A13: 0.9 | B13: Resultaat | AP13: =SUM(C13:AO13) -> 0
A14: Totaal Taakveld 0. | C14: =SUM(C5:C13) -> 0 | D14: =SUM(D5:D13) -> 95580 | E14: =SUM(E5:E13) -> 37 | F14: =SUM(F5:F13) -> 7 | G14: =SUM(G5:G13) -> 0 | H14: =SUM(H5:H13) -> 0 | I14: =SUM(I5:I13) -> 1 | J14: =SUM(J5:J13) -> 392 | ... AO14: =SUM(AO5:AO13) -> 0 | AP14: =SUM(C14:AO14) -> 371436
A16: Taakveld 1. | B16: BESTUUR
A17: 1.1 | B17: Provinciale Staten | U17: 11 | AP17: =SUM(C17:AO17) -> 11
A18: 1.2 | B18: Gedeputeerde Staten | AP18: =SUM(C18:AO18) -> 0
A19: 1.3 | B19: Kabinetszaken | L19: 2 | AP19: =SUM(C19:AO19) -> 2
A20: 1.4 | B20: Bestuurlijke organisatie | AP20: =SUM(C20:AO20) -> 0
A21: 1.5 | B21: Interbestuurlijk toezicht op de regio | AP21: =SUM(C21:AO21) -> 0
A22: 1.6 | B22: Openbare orde en veiligheid | AP22: =SUM(C22:AO22) -> 0
A23: 1.9 | B23: Bestuur, overige baten en lasten | AP23: =SUM(C23:AO23) -> 0
A24: Totaal Taakveld 1. | C24: =SUM(C17:C23) -> 0 | D24: =SUM(D17:D23) -> 0 | E24: =SUM(E17:E23) -> 0 | F24: =SUM(F17:F23) -> 0 | G24: =SUM(G17:G23) -> 0 | H24: =SUM(H17:H23) -> 0 | I24: =SUM(I17:I23) -> 0 | J24: =SUM(J17:J23) -> 0 | ... AO24: =SUM(AO17:AO23) -> 0 | AP24: =SUM(C24:AO24) -> 13
A26: Taakveld 2. | B26: VERKEER EN VERVOER
A27: 2.1 | B27: Landwegen | K27: 36 | O27: 1 | Q27: 329 | AP27: =SUM(C27:AO27) -> 366
A28: 2.2 | B28: Waterwegen | AP28: =SUM(C28:AO28) -> 0
A29: 2.3 | B29: Openbaar vervoer | AP29: =SUM(C29:AO29) -> 0
A30: 2.9 | B30: Verkeer en vervoer, overige baten en lasten | O30: 744 | U30: 265 | AP30: =SUM(C30:AO30) -> 1009
A31: Totaal Taakveld 2. | C31: =SUM(C27:C30) -> 0 | D31: =SUM(D27:D30) -> 0 | E31: =SUM(E27:E30) -> 0 | F31: =SUM(F27:F30) -> 0 | G31: =SUM(G27:G30) -> 0 | H31: =SUM(H27:H30) -> 0 | I31: =SUM(I27:I30) -> 0 | J31: =SUM(J27:J30) -> 0 | ... AO31: =SUM(AO27:AO30) -> 0 | AP31: =SUM(C31:AO31) -> 1375
A33: Taakveld 3. | B33: WATER
A34: 3.1 | B34: Waterkeringen | O34: 139 | U34: 71 | AP34: =SUM(C34:AO34) -> 210
A35: 3.2 | B35: Kwantiteit oppervlaktewater | AP35: =SUM(C35:AO35) -> 0
A36: 3.3 | B36: Kwantiteit grondwater | AP36: =SUM(C36:AO36) -> 0
A37: 3.4 | B37: Kwaliteit oppervlaktewater | AP37: =SUM(C37:AO37) -> 0
A38: 3.5 | B38: Kwaliteit grondwater | AP38: =SUM(C38:AO38) -> 0
A39: 3.9 | B39: Water, overige baten en lasten | AP39: =SUM(C39:AO39) -> 0
A40: Totaal Taakveld 3. | C40: =SUM(C34:C39) -> 0 | D40: =SUM(D34:D39) -> 0 | E40: =SUM(E34:E39) -> 0 | F40: =SUM(F34:F39) -> 0 | G40: =SUM(G34:G39) -> 0 | H40: =SUM(H34:H39) -> 0 | I40: =SUM(I34:I39) -> 0 | J40: =SUM(J34:J39) -> 0 | ... AO40: =SUM(AO34:AO39) -> 0 | AP40: =SUM(C40:AO40) -> 210
A42: Taakveld 4. | B42: MILIEU
A43: 4.1 | B43: Bodembescherming | AP43: =SUM(C43:AO43) -> 0
A44: 4.2 | B44: Luchtverontreiniging | AP44: =SUM(C44:AO44) -> 0
A45: 4.3 | B45: Geluidhinder | AP45: =SUM(C45:AO45) -> 0
A46: 4.4 | B46: Vergunningverlening en handhaving | K46: 1086 | U46: 13 | AP46: =SUM(C46:AO46) -> 1099
A47: 4.5 | B47: Ontgronding | AP47: =SUM(C47:AO47) -> 0
A48: 4.6 | B48: Duurzaamheid | AP48: =SUM(C48:AO48) -> 0
A49: 4.9 | B49: Milieu, overige baten en lasten | AP49: =SUM(C49:AO49) -> 0
A50: Totaal Taakveld 4. | C50: =SUM(C43:C49) -> 0 | D50: =SUM(D43:D49) -> 0 | E50: =SUM(E43:E49) -> 0 | F50: =SUM(F43:F49) -> 0 | G50: =SUM(G43:G49) -> 0 | H50: =SUM(H43:H49) -> 0 | I50: =SUM(I43:I49) -> 0 | J50: =SUM(J43:J49) -> 0 | ... AO50: =SUM(AO43:AO49) -> 0 | AP50: =SUM(C50:AO50) -> 1099
A52: Taakveld 5. | B52: NATUUR
A53: 5.1 | B53: Natuurontwikkeling | U53: 30 | AP53: =SUM(C53:AO53) -> 30
A54: 5.2 | B54: Beheer natuurgebieden | U54: 566 | AP54: =SUM(C54:AO54) -> 566
A55: 5.3 | B55: Beheer flora en fauna | AP55: =SUM(C55:AO55) -> 0
A56: 5.9 | B56: Natuur, overige baten en lasten | AP56: =SUM(C56:AO56) -> 0
A57: Totaal Taakveld 5. | C57: =SUM(C53:C56) -> 0 | D57: =SUM(D53:D56) -> 0 | E57: =SUM(E53:E56) -> 0 | F57: =SUM(F53:F56) -> 0 | G57: =SUM(G53:G56) -> 0 | H57: =SUM(H53:H56) -> 0 | I57: =SUM(I53:I56) -> 0 | J57: =SUM(J53:J56) -> 0 | ... AO57: =SUM(AO53:AO56) -> 0 | AP57: =SUM(C57:AO57) -> 596
A59: Taakveld 6. | B59: REGIONALE ECONOMIE
A60: 6.1 | B60: Agrarische aangelegenheden | AP60: =SUM(C60:AO60) -> 0
A61: 6.2 | B61: Logistiek | J61: 608 | L61: -1 | AP61: =SUM(C61:AO61) -> 607
A62: 6.3 | B62: Kennis en innovatie | L62: 20 | T62: 36 | U62: 287 | AP62: =SUM(C62:AO62) -> 343
A63: 6.4 | B63: Recreatie en toerisme | J63: 27 | AP63: =SUM(C63:AO63) -> 27
A64: 6.9 | B64: Regionale economie, overige baten en lasten | L64: 50 | N64: 606 | AP64: =SUM(C64:AO64) -> 656
A65: Totaal Taakveld 6. | C65: =SUM(C60:C64) -> 0 | D65: =SUM(D60:D64) -> 0 | E65: =SUM(E60:E64) -> 0 | F65: =SUM(F60:F64) -> 0 | G65: =SUM(G60:G64) -> 0 | H65: =SUM(H60:H64) -> 0 | I65: =SUM(I60:I64) -> 0 | J65: =SUM(J60:J64) -> 635 | ... AO65: =SUM(AO60:AO64) -> 0 | AP65: =SUM(C65:AO65) -> 1633
A67: Taakveld 7. | B67: CULTUUR EN MAATSCHAPPIJ
A68: 7.1 | B68: Cultuur | J68: 3743 | AP68: =SUM(C68:AO68) -> 3743
A69: 7.2 | B69: Maatschappij | AP69: =SUM(C69:AO69) -> 0
A70: 7.9 | B70: Cultuur en maatschappij, overige baten en lasten | AP70: =SUM(C70:AO70) -> 0
A71: Totaal Taakveld 7. | C71: =SUM(C68:C70) -> 0 | D71: =SUM(D68:D70) -> 0 | E71: =SUM(E68:E70) -> 0 | F71: =SUM(F68:F70) -> 0 | G71: =SUM(G68:G70) -> 0 | H71: =SUM(H68:H70) -> 0 | I71: =SUM(I68:I70) -> 0 | J71: =SUM(J68:J70) -> 3743 | ... AO71: =SUM(AO68:AO70) -> 0 | AP71: =SUM(C71:AO71) -> 3743
A73: Taakveld 8. | B73: RUIMTE
A74: 8.1 | B74: Ruimte en leefomgeving | G74: 102 | J74: 22 | L74: 14 | O74: 2 | U74: 7 | AP74: =SUM(C74:AO74) -> 147
A75: 8.2 | B75: Volkshuisvesting | AP75: =SUM(C75:AO75) -> 0
A76: 8.3 | B76: Stedelijke vernieuwing | AP76: =SUM(C76:AO76) -> 0
A77: 8.9 | B77: Ruimte, overige baten en lasten | E77: 6 | G77: 1583 | AO77: 1933 | AP77: =SUM(C77:AO77) -> 3522
A78: Totaal Taakveld 8. | C78: =SUM(C74:C77) -> 0 | D78: =SUM(D74:D77) -> 0 | E78: =SUM(E74:E77) -> 6 | F78: =SUM(F74:F77) -> 0 | G78: =SUM(G74:G77) -> 1685 | H78: =SUM(H74:H77) -> 0 | I78: =SUM(I74:I77) -> 0 | J78: =SUM(J74:J77) -> 22 | ... AO78: =SUM(AO74:AO77) -> 1933 | AP78: =SUM(C78:AO78) -> 3669
A80: Totaal taakvelden | C80: =SUM(C14,C24,C31,C40,C50,C57,C65,C71,C78) -> 0 | D80: =SUM(D14,D24,D31,D40,D50,D57,D65,D71,D78) -> 95580 | E80: =SUM(E14,E24,E31,E40,E50,E57,E65,E71,E78) -> 43 | F80: =SUM(F14,F24,F31,F40,F50,F57,F65,F71,F78) -> 7 | G80: =SUM(G14,G24,G31,G40,G50,G57,G65,G71,G78) -> 1685 | H80: =SUM(H14,H24,H31,H40,H50,H57,H65,H71,H78) -> 0 | I80: =SUM(I14,I24,I31,I40,I50,I57,I65,I71,I78) -> 1 | J80: =SUM(J14,J24,J31,J40,J50,J57,J65,J71,J78) -> 4792 | ... AO80: =SUM(AO14,AO24,AO31,AO40,AO50,AO57,AO65,AO71,AO78) -> 1933 | AP80: =SUM(C80:AO80) -> 383774
A82: Balansmutaties
A84: Vaste Activa
A85: A111 | B85: Immateriële vaste activa: Kosten verbonden aan sluiten geldlening en saldo agio/disagio | AP85: =SUM(C85:AO85) -> 0
A86: A112 | B86: Immateriële vaste activa: Kosten onderzoek en ontwikkeling voor een bepaald actief | AM86: 1 | AP86: =SUM(C86:AO86) -> 1
A87: A113 | B87: Immateriële vaste activa: Bijdragen aan activa in eigendom van derden | AM87: 2590 | AP87: =SUM(C87:AO87) -> 2590
A88: A121 | B88: Materiële vaste activa: Gronden en terreinen | E88: 354 | AM88: 1 | AP88: =SUM(C88:AO88) -> 355
A89: A122 | B89: Materiële vaste activa: Woonruimten | AM89: 1 | AP89: =SUM(C89:AO89) -> 1
A90: A123 | B90: Materiële vaste activa: Bedrijfsgebouwen | AM90: 2254 | AP90: =SUM(C90:AO90) -> 2254
A91: A124 | B91: Materiële vaste activa: Grond-, weg- en waterbouwkundige werken | O91: 1091 | U91: 76 | AM91: 8893 | AP91: =SUM(C91:AO91) -> 10060
A92: A125 | B92: Materiële vaste activa: Vervoermiddelen | AP92: =SUM(C92:AO92) -> 0
A93: A126 | B93: Materiële vaste activa: Machines, apparaten en installaties | AM93: 1455 | AP93: =SUM(C93:AO93) -> 1455
A94: A129 | B94: Materiële vaste activa: Overig | AM94: 352 | AP94: =SUM(C94:AO94) -> 352
A95: A1311 | B95: Financiële vaste activa: Kapitaalverstrekking aan deelnemingen | AO95: 1250 | AP95: =SUM(C95:AO95) -> 1250
A96: A1312 | B96: Financiële vaste activa: Kapitaalverstrekking aan gemeenschappelijke regelingen | AP96: =SUM(C96:AO96) -> 0
A97: A1313 | B97: Financiële vaste activa: Kapitaalverstrekking aan overige verbonden partijen | AP97: =SUM(C97:AO97) -> 0
A98: A1321 | B98: Financiële vaste activa: Leningen aan woningbouwcorporaties | AP98: =SUM(C98:AO98) -> 0
A99: A1322 | B99: Financiële vaste activa: Leningen aan deelnemingen | AJ99: 1551 | AP99: =SUM(C99:AO99) -> 1551
A100: A1323 | B100: Financiële vaste activa: Leningen aan overige verbonden partijen | AP100: =SUM(C100:AO100) -> 0
A101: A1331b | B101: Overige langlopende leningen (niet aan overheid, deelnemingen of woningbouwcorporaties) | AJ101: 623 | AP101: =SUM(C101:AO101) -> 623
A102: A1331c | B102: Langlopende leningen aan gemeenten (art. 1a Wet Fido) | AJ102: 25865 | AP102: =SUM(C102:AO102) -> 25865
A103: A1331d | B103: Langlopende leningen aan gemeenschappelijke regelingen (art. 1a Wet Fido) | AP103: =SUM(C103:AO103) -> 0
A104: A1331e | B104: Langlopende leningen aan overige overheden (art. 1a Wet Fido) | AJ104: 1000 | AP104: =SUM(C104:AO104) -> 1000
A105: A1332a | B105: Financiële vaste activa: Uitzettingen in ’s Rijks schatkist met een looptijd ≥ 1 jaar | AP105: =SUM(C105:AO105) -> 0
A106: A1332b | B106: Financiële vaste activa: Uitzettingen in de vorm van Nederlands schuldpapier met een looptijd ≥ 1 jaar | AP106: =SUM(C106:AO106) -> 0
A107: A1332c | B107: Financiële vaste activa: Overige uitzettingen met een looptijd ≥ 1 jaar | AJ107: 233 | AP107: =SUM(C107:AO107) -> 233
A108: Totaal Vaste Activa | C108: =SUM(C85:C107) -> 0 | D108: =SUM(D85:D107) -> 0 | E108: =SUM(E85:E107) -> 354 | F108: =SUM(F85:F107) -> 0 | G108: =SUM(G85:G107) -> 0 | H108: =SUM(H85:H107) -> 0 | I108: =SUM(I85:I107) -> 0 | J108: =SUM(J85:J107) -> 0 | ... AO108: =SUM(AO85:AO107) -> 1250 | AP108: =SUM(C108:AO108) -> 47590
A110: Vlottende Activa
A111: A212 | B111: Voorraden: Overige grond- en hulpstoffen | AP111: =SUM(C111:AO111) -> 0
A112: A213 | B112: Voorraden: Onderhanden werk (incl. bouwgronden in exploitatie) | E112: 11 | G112: 5 | U112: 186 | AH112: 3 | AO112: 6910 | AP112: =SUM(C112:AO112) -> 7115
A113: A214 | B113: Voorraden: Gereed product en handelsgoederen | AP113: =SUM(C113:AO113) -> 0
...

Sheet 7.Balansstanden
B1: ="Balansstandenoverzicht provincie "&'4.Informatie'!C5&" ("&'4.Informatie'!C6&"): "&"jaar "&'4.Informatie'!C7 -> Balansstandenoverzicht provincie aaaa (0000): jaar 2026
B2: Bedragen x € 1000,-
D3: Code | F3: 1 januari | H3: ultimo
B4: ACTIVA
B5: Vaste activa
B6: Immateriële vaste activa
B7: Kosten verbonden aan sluiten geldlening en saldo agio/disagio | D7: A111 | K7: Deze post hoeft niet te worden ingevuld bij de begrotingen en de kwartaalrapportage.
B8: Kosten onderzoek en ontwikkeling voor een bepaald actief | D8: A112 | F8: 4 | H8: 2 | K8: Deze post hoeft niet te worden ingevuld bij de begrotingen en de kwartaalrapportage.
B9: Bijdragen aan activa in eigendom van derden | D9: A113 | F9: 72463 | H9: 107845 | K9: Deze post hoeft niet te worden ingevuld bij de begrotingen en de kwartaalrapportage.
B10: Materiële vaste activa
B11: Gronden en terreinen | D11: A121 | F11: 39775 | H11: 39462 | K11: Deze post hoeft niet te worden ingevuld bij de begrotingen en de kwartaalrapportage.
B12: Woonruimten | D12: A122 | F12: 10 | H12: 10 | K12: Deze post hoeft niet te worden ingevuld bij de begrotingen en de kwartaalrapportage.
B13: Bedrijfsgebouwen | D13: A123 | F13: 24711 | H13: 22457 | K13: Deze post hoeft niet te worden ingevuld bij de begrotingen en de kwartaalrapportage.
B14: Grond-, weg- en waterbouwkundige werken | D14: A124 | F14: 326513 | H14: 332704 | K14: Deze post hoeft niet te worden ingevuld bij de begrotingen en de kwartaalrapportage.
B15: Vervoermiddelen | D15: A125 | K15: Deze post hoeft niet te worden ingevuld bij de begrotingen en de kwartaalrapportage.
B16: Machines, apparaten en installaties | D16: A126 | F16: 15878 | H16: 16353 | K16: Deze post hoeft niet te worden ingevuld bij de begrotingen en de kwartaalrapportage.
B17: Overig | D17: A129 | F17: 3042 | H17: 2972 | K17: Deze post hoeft niet te worden ingevuld bij de begrotingen en de kwartaalrapportage.
B18: Financiële vaste activa
B19: Kapitaalverstrekking aan deelnemingen | D19: A1311 | F19: 321246 | H19: 352203 | K19: Deze post hoeft niet te worden ingevuld bij de begrotingen
B20: Kapitaalverstrekking aan gemeenschappelijke regelingen | D20: A1312 | K20: Deze post hoeft niet te worden ingevuld bij de begrotingen
B21: Kapitaalverstrekking aan overige verbonden partijen | D21: A1313 | K21: Deze post hoeft niet te worden ingevuld bij de begrotingen
B22: Leningen aan woningbouwcorporaties | D22: A1321 | K22: Deze post hoeft niet te worden ingevuld bij de begrotingen
B23: Leningen aan deelnemingen | D23: A1322 | F23: 334578 | H23: 333027 | K23: Deze post hoeft niet te worden ingevuld bij de begrotingen
B24: Leningen aan overige verbonden partijen | D24: A1323 | F24: 1250 | H24: 1250 | K24: Deze post hoeft niet te worden ingevuld bij de begrotingen
B25: Overige langlopende leningen | D25: A1331b | F25: 250870 | H25: 287746 | K25: Deze post hoeft niet te worden ingevuld bij de begrotingen
B26: Langlopende leningen aan gemeenten (art. 1a Wet Fido) | D26: A1331c | F26: 385388 | H26: 359523 | K26: Deze post hoeft niet te worden ingevuld bij de begrotingen
B27: Langlopende leningen aan gemeenschappelijke regelingen (art. 1a Wet Fido) | D27: A1331d | K27: Deze post hoeft niet te worden ingevuld bij de begrotingen
B28: Langlopende leningen aan overige overheden (art. 1a Wet Fido) | D28: A1331e | F28: 28000 | H28: 27000 | K28: Deze post hoeft niet te worden ingevuld bij de begrotingen
B29: Uitzettingen in ’s Rijks schatkist met een looptijd ≥ 1 jaar | D29: A1332a | F29: 100000 | H29: 100000 | K29: Deze post hoeft niet te worden ingevuld bij de begrotingen
B30: Uitzettingen in de vorm van Nederlands schuldpapier met een looptijd ≥ 1 jaar | D30: A1332b | K30: Deze post hoeft niet te worden ingevuld bij de begrotingen
B31: Overige uitzettingen met een looptijd ≥ 1 jaar | D31: A1332c | F31: 233 | K31: Deze post hoeft niet te worden ingevuld bij de begrotingen
B32: Vlottende Activa
B33: Voorraden
B34: Overige grond- en hulpstoffen | D34: A212 | K34: Deze post hoeft niet te worden ingevuld bij de begrotingen en de kwartaalrapportage.
B35: Onderhanden werk (incl. bouwgronden in exploitatie) | D35: A213 | F35: 13028 | H35: 5758 | K35: Deze post hoeft niet te worden ingevuld bij de begrotingen en de kwartaalrapportage.
B36: Gereed product en handelsgoederen | D36: A214 | F36: 23954 | H36: 25881 | K36: Deze post hoeft niet te worden ingevuld bij de begrotingen en de kwartaalrapportage.
B37: Vooruitbetalingen | D37: A215 | K37: Deze post hoeft niet te worden ingevuld bij de begrotingen en de kwartaalrapportage.
B38: Uitzettingen
B39: Vorderingen op gemeenten | D39: A221a | F39: 2143 | H39: 2493 | K39: Deze post hoeft niet te worden ingevuld bij de begrotingen
B40: Vorderingen op gemeenschappelijke regelingen | D40: A221b | K40: Deze post hoeft niet te worden ingevuld bij de begrotingen
B41: Vorderingen op overige overheden | D41: A221c | F41: 31167 | H41: 15901 | K41: Deze post hoeft niet te worden ingevuld bij de begrotingen
B42: Overige verstrekte kasgeldleningen (niet-overheid) | D42: A222b | K42: Deze post hoeft niet te worden ingevuld bij de begrotingen
B43: Verstrekte kasgeldleningen aan gemeenten (art. 1a Wet Fido) | D43: A222c | K43: Deze post hoeft niet te worden ingevuld bij de begrotingen
B44: Verstrekte kasgeldleningen aan gemeenschappelijke regelingen (art. 1a Wet Fido) | D44: A222d | K44: Deze post hoeft niet te worden ingevuld bij de begrotingen
B45: Verstrekte kasgeldleningen aan overige overheden (art. 1a Wet Fido) | D45: A222e | K45: Deze post hoeft niet te worden ingevuld bij de begrotingen
B46: Rekening courant verhouding met het Rijk | D46: A223a | F46: 215176 | H46: 172302 | K46: Deze post hoeft niet te worden ingevuld bij de begrotingen
B47: Rekening courant verhoudingen overige niet-financiële instellingen | D47: A223b | F47: 1570 | H47: 1570 | K47: Deze post hoeft niet te worden ingevuld bij de begrotingen
B48: Overige vorderingen | D48: A224 | F48: 19182 | H48: 14879 | K48: Deze post hoeft niet te worden ingevuld bij de begrotingen
B49: Uitzettingen in ’s Rijks schatkist met een looptijd < 1 jaar | D49: A225a | K49: Deze post hoeft niet te worden ingevuld bij de begrotingen
B50: Uitzettingen in de vorm van Nederlands schuldpapier met een looptijd < 1 jaar | D50: A225b | K50: Deze post hoeft niet te worden ingevuld bij de begrotingen
B51: Overige uitzettingen met een looptijd < 1 jaar | D51: A225c | K51: Deze post hoeft niet te worden ingevuld bij de begrotingen
B53: Liquide middelen (kas- en banksaldi) | D53: A23 | F53: 18 | H53: 6 | K53: Deze post hoeft niet te worden ingevuld bij de begrotingen
B54: Overlopende activa
B55: Nog te ontvangen bijdragen van de EU | D55: A29a | F55: 213 | H55: 1163 | K55: Deze post hoeft niet te worden ingevuld bij de begrotingen
B56: Nog te ontvangen bijdragen van het Rijk | D56: A29b | F56: 38615 | H56: 19380 | K56: Deze post hoeft niet te worden ingevuld bij de begrotingen
B57: Overige overlopende activa (niet-overheid) | D57: A29d | F57: 68604 | H57: 24105 | K57: Deze post hoeft niet te worden ingevuld bij de begrotingen
B58: Nog te ontvangen bijdragen van provincies | D58: A29e | F58: 3 | H58: 3 | K58: Deze post hoeft niet te worden ingevuld bij de begrotingen
B59: Nog te ontvangen bijdragen van gemeenten | D59: A29f | F59: 4421 | H59: 538 | K59: Deze post hoeft niet te worden ingevuld bij de begrotingen
B60: Nog te ontvangen bijdragen van overige overheden | D60: A29g | K60: Deze post hoeft niet te worden ingevuld bij de begrotingen
B62: PASSIVA
B63: Vaste Passiva
B64: Eigen vermogen
B65: Algemene reserve | D65: P111 | F65: 940883 | H65: 1018313 | K65: Deze post hoeft niet te worden ingevuld bij de begrotingen en de kwartaalrapportage.
B66: Bestemmingsreserves | D66: P112 | F66: 637887 | H66: 672563 | K66: Deze post hoeft niet te worden ingevuld bij de begrotingen en de kwartaalrapportage.
B67: Saldo van rekening | D67: P114 | F67: 85303 | K67: Deze post hoeft niet te worden ingevuld bij de begrotingen en de kwartaalrapportage.
B69: Voorzieningen | D69: P12 | F69: 76017 | H69: 77199 | K69: Deze post hoeft niet te worden ingevuld bij de begrotingen en de kwartaalrapportage.
B70: Vaste schuld
B71: Obligatieleningen | D71: P131 | K71: Deze post hoeft niet te worden ingevuld bij de begrotingen
B72: Onderhandse leningen van binnenlandse pensioenfondsen en verzekeraars | D72: P132 | K72: Deze post hoeft niet te worden ingevuld bij de begrotingen
B73: Onderhandse leningen van binnenlandse banken en overige financiële instellingen | D73: P133 | F73: 363 | H73: 363 | K73: Deze post hoeft niet te worden ingevuld bij de begrotingen
B74: Onderhandse leningen van binnenlandse bedrijven | D74: P134 | K74: Deze post hoeft niet te worden ingevuld bij de begrotingen
B75: Onderhandse leningen van overige binnenlandse sectoren | D75: P135b | K75: Deze post hoeft niet te worden ingevuld bij de begrotingen
B76: Onderhandse leningen van provincies | D76: P135c | K76: Deze post hoeft niet te worden ingevuld bij de begrotingen
B77: Onderhandse leningen van gemeenten | D77: P135d | K77: Deze post hoeft niet te worden ingevuld bij de begrotingen
B78: Onderhandse leningen van overige overheden | D78: P135e | F78: 10532 | H78: 10532 | K78: Deze post hoeft niet te worden ingevuld bij de begrotingen
B79: Onderhandse leningen van buitenlandse instellingen | D79: P136 | F79: 19286 | H79: 17369 | K79: Deze post hoeft niet te worden ingevuld bij de begrotingen
B80: Door derden belegde gelden | D80: P137 | K80: Deze post hoeft niet te worden ingevuld bij de begrotingen
B81: Waarborgsommen | D81: P138 | F81: 3563 | H81: 3063 | K81: Deze post hoeft niet te worden ingevuld bij de begrotingen
B82: Renteswaps en derivaten | D82: P139 | K82: Deze post hoeft niet te worden ingevuld bij de begrotingen
B83: Vooruitontvangen bedragen met een rentetypische looptijd van één jaar of langer | D83: P140 | K83: Deze post hoeft niet te worden ingevuld bij de begrotingen
B84: Vlottende Passiva
B85: Vlottende schuld
B86: Overige kasgeldleningen (niet-overheid) | D86: P211b | K86: Deze post hoeft niet te worden ingevuld bij de begrotingen
B87: Kasgeldleningen van provincies (art. 1a Wet Fido) | D87: P211c | K87: Deze post hoeft niet te worden ingevuld bij de begrotingen
B88: Kasgeldleningen van gemeenten (art. 1a Wet Fido) | D88: P211d | K88: Deze post hoeft niet te worden ingevuld bij de begrotingen
B89: Kasgeldleningen van overige overheden (art. 1a Wet Fido) | D89: P211e | K89: Deze post hoeft niet te worden ingevuld bij de begrotingen
B90: Banksaldi | D90: P212 | K90: Deze post hoeft niet te worden ingevuld bij de begrotingen
B91: Overige vlottende schulden | D91: P213 | F91: 42854 | H91: 51134 | K91: Deze post hoeft niet te worden ingevuld bij de begrotingen
B92: Overlopende passiva
B93: Vooruit ontvangen bijdragen van de EU | D93: P29a | F93: 16628 | H93: 16237 | K93: Deze post hoeft niet te worden ingevuld bij de begrotingen
B94: Vooruit ontvangen bijdragen van het Rijk | D94: P29b | F94: 337043 | H94: 375779 | K94: Deze post hoeft niet te worden ingevuld bij de begrotingen
B95: Overige overlopende passiva (niet-overheid) | D95: P29d | F95: 129904 | H95: 60218 | K95: Deze post hoeft niet te worden ingevuld bij de begrotingen
B96: Vooruit ontvangen bijdragen van provincies | D96: P29e | F96: 14160 | H96: 14210 | K96: Deze post hoeft niet te worden ingevuld bij de begrotingen
B97: Vooruit ontvangen bijdragen van gemeenten | D97: P29f | F97: 3503 | H97: 3603 | K97: Deze post hoeft niet te worden ingevuld bij de begrotingen
B98: Vooruit ontvangen bijdragen van overige overheden | D98: P29g | F98: 4127 | H98: 8127 | K98: Deze post hoeft niet te worden ingevuld bij de begrotingen
B100: Totalen
B101: Totaal Activa | D101: Activa | F101: =SUM(F7:F9,F11:F17,F19:F31,F34:F37,F39:F51,F53,F55:F60,) -> 2322055 | H101: =SUM(H7:H9,H11:H17,H19:H31,H34:H37,H39:H51,H53,H55:H60,) -> 2266533
B102: Totaal Passiva | D102: Passiva | F102: =SUM(F65:F67,F69,F71:F83,F86:F91,F93:F98,) -> 2322053 | H102: =SUM(H65:H67,H69,H71:H83,H86:H91,H93:H98,) -> 2328710

Sheet 8.Akkoordverklaring
A1: =VLOOKUP('4.Informatie'!$C$8,'8.Akkoordverklaring'!$I$66:$J$72,2,0) -> Verklaring Iv3 bij kwartaalrapportage 2026, provincie aaaa | C1: Verklaring Iv3 bij kwartaalrapportage, gemeente | E1: <------ | F1: Waarde cel op basis van waarde in tabblad "4.Informatie".
A3: Aan het Centraal Bureau voor de Statistiek
A4: Conform het Besluit begroting en verantwoording provincies en gemeenten, in het bijzonder artikel 71 en de Regeling vaststelling taakvelden en verstrekking informatie voor derden van 18 april 2016, inclusief de wijzigingen hierop van 11 maart 2019 sturen wij u de vereiste informatie elektronisch toe.
A5: ="Het betreft de informatie over: "&VLOOKUP('4.Informatie'!$C$8,'8.Akkoordverklaring'!$I$67:$K$72,2,0) -> Het betreft de informatie over: Verklaring Iv3 bij kwartaalrapportage 2026, provincie aaaa | E5: <------ | F5: Waarde cel op basis van waarde in tabblad "4.Informatie".
A7: De verstrekte informatie geeft naar ons oordeel een getrouw beeld. Daarbij is meer in het bijzonder het volgende van toepassing:
A9: - | B9: De verdelingsmatrix is opgesteld overeenkomstig de indeling in de Regeling vaststelling taakvelden en verstrekking informatie van derden, inclusief de wijzigingen hierop van 11 maart 2019. Daarbij geldt dat:
B10: • | C10: De indeling van de baten en lasten in taakvelden is overeenkomstig de toelichting van de taakvelden in het "Iv3-informatievoorschrift Provincies" op de site van de Rijksoverheid, behorend bij de Regeling vaststelling taakvelden en verstrekking informatie voor derden.
B11: • | C11: De categoriale indeling van de baten en lasten is overeenkomstig de toelichting van de categorieën in het “Iv3-informatievoorschrift" op de site van de Rijksoverheid, behorend bij de Regeling vaststelling taakvelden en verstrekking informatie voor derden.
B12: • | C12: De balansmutaties zijn toegedeeld naar de categorieën overeenkomstig de toelichting in het "Iv3-informatievoorschrift" op de site van de Rijksoverheid, behorend bij de Regeling vaststelling taakvelden en verstrekking informatie voor derden, inclusief de wijzigingen hierop van 11 maart 2019.
A13: =IF('4.Informatie'!$C$8=0,"","-") -> - | B13: =VLOOKUP('4.Informatie'!$C$8,'8.Akkoordverklaring'!$I$67:$L$72,4,0) -> Het balansstandenoverzicht waarover in de kwartaalrapportage volgens artikel 2, lid 6 van de Regeling vaststelling taakvelden en verstrekking informatie voor derden, inclusief de wijzigingen hierop van 11 maart 2019 wordt gerapporteerd, is samengesteld volgens de voorschriften van het Besluit begroting en verantwoording gemeenten en provincies (artikelen 30 t/m 58) en de toelichting in het “Iv3-informatievoorschrift Provincies" op de site van de Rijksoverheid. | E13: <------ | F13: Waarde cel op basis van waarde in tabblad "4.Informatie". Bij begroting leeg!
A16: Het college van Gedeputeerde Staten,
A18: De commissaris, De secretaris,
J66: A1 | K66: A5 | L66: B13
I67: 0 | J67: ="Verklaring Iv3 bij begroting "&'4.Informatie'!$C$7&", provincie "&'4.Informatie'!$C$5 -> Verklaring Iv3 bij begroting 2026, provincie aaaa | K67: ="de begroting van het jaar "&'4.Informatie'!$C$7 -> de begroting van het jaar 2026
I68: 1 | J68: ="Verklaring Iv3 bij kwartaalrapportage "&'4.Informatie'!$C$7&", provincie "&'4.Informatie'!$C$5 -> Verklaring Iv3 bij kwartaalrapportage 2026, provincie aaaa | K68: ="het eerste kwartaal van het jaar "&'4.Informatie'!$C$7 -> het eerste kwartaal van het jaar 2026 | L68: Het balansstandenoverzicht waarover in de kwartaalrapportage volgens artikel 2, lid 6 van de Regeling vaststelling taakvelden en verstrekking informatie voor derden, inclusief de wijzigingen hierop van 11 maart 2019 wordt gerapporteerd, is samengesteld volgens de voorschriften van het Besluit begroting en verantwoording gemeenten en provincies (artikelen 30 t/m 58) en de toelichting in het “Iv3-informatievoorschrift Provincies" op de site van de Rijksoverheid.
I69: 2 | J69: ="Verklaring Iv3 bij kwartaalrapportage "&'4.Informatie'!$C$7&", provincie "&'4.Informatie'!$C$5 -> Verklaring Iv3 bij kwartaalrapportage 2026, provincie aaaa | K69: ="het tweede kwartaal van het jaar "&'4.Informatie'!$C$7 -> het tweede kwartaal van het jaar 2026 | L69: Het balansstandenoverzicht waarover in de kwartaalrapportage volgens artikel 2, lid 6 van de Regeling vaststelling taakvelden en verstrekking informatie voor derden, inclusief de wijzigingen hierop van 11 maart 2019 wordt gerapporteerd, is samengesteld volgens de voorschriften van het Besluit begroting en verantwoording gemeenten en provincies (artikelen 30 t/m 58) en de toelichting in het “Iv3-informatievoorschrift Provincies"op de site van de Rijksoverheid.
I70: 3 | J70: ="Verklaring Iv3 bij kwartaalrapportage "&'4.Informatie'!$C$7&", provincie "&'4.Informatie'!$C$5 -> Verklaring Iv3 bij kwartaalrapportage 2026, provincie aaaa | K70: ="het derde kwartaal van het jaar "&'4.Informatie'!$C$7 -> het derde kwartaal van het jaar 2026 | L70: Het balansstandenoverzicht waarover in de kwartaalrapportage volgens artikel 2, lid 6 van de Regeling vaststelling taakvelden en verstrekking informatie voor derden, inclusief de wijzigingen hierop van 11 maart 2019 wordt gerapporteerd, is samengesteld volgens de voorschriften van het Besluit begroting en verantwoording gemeenten en provincies (artikelen 30 t/m 58) en de toelichting in het “Iv3-informatievoorschrift Provincies" op de site van de Rijksoverheid.
I71: 4 | J71: ="Verklaring Iv3 bij kwartaalrapportage "&'4.Informatie'!$C$7&", provincie "&'4.Informatie'!$C$5 -> Verklaring Iv3 bij kwartaalrapportage 2026, provincie aaaa | K71: ="het vierde kwartaal van het jaar "&'4.Informatie'!$C$7 -> het vierde kwartaal van het jaar 2026 | L71: Het balansstandenoverzicht waarover in de kwartaalrapportage volgens artikel 2, lid 6 van de Regeling vaststelling taakvelden en verstrekking informatie voor derden, inclusief de wijzigingen hierop van 11 maart 2019 wordt gerapporteerd, is samengesteld volgens de voorschriften van het Besluit begroting en verantwoording gemeenten en provincies (artikelen 30 t/m 58) en de toelichting in de het “Iv3-informatievoorschrift Provincies" op de site van de Rijksoverheid.
I72: 5 | J72: ="Verklaring Iv3 bij jaarrapportage "&'4.Informatie'!$C$7&", provincie "&'4.Informatie'!$C$5 -> Verklaring Iv3 bij jaarrapportage 2026, provincie aaaa | K72: ="de rekening van het jaar "&'4.Informatie'!$C$7 -> de rekening van het jaar 2026 | L72: Het balansstandenoverzicht waarover in de jaarrapportage volgens artikel 2, lid 5 van de Regeling vaststelling taakvelden en verstrekking informatie voor derden, inclusief de wijzigingen hierop van 11 maart 2019 wordt gerapporteerd, is samengesteld volgens de voorschriften van het Besluit begroting en verantwoording gemeenten en provincies (artikelen 30 t/m 58) en de toelichting in de het “Iv3-informatievoorschrift Provincies" op de site van de Rijksoverheid.

Sheet 9.Eindoordeel
A1: Acceptatietoetsen
A3: Ook in het Iv3-model 2026 zijn toetsen opgenomen die onderdeel uitmaken van het maatregelenbeleid. Deze toetsen zijn niet gewijzigd ten opzichte van het model 2025.
A5: Na ontvangst van uw inzending controleert het CBS direct of de gegevens voldoen aan de acceptatietoetsen. Hiervan ontvangt u ook meteen het resultaat. Voor de begroting geldt (voorlopig) alleen toets 6. Voor de kwartaalrealisaties tellen de toetsen 1 t/m 5 en toets 9, waar bij toets 3 alleen op de aansluiting tussen de financiële balansmutaties in de matrix en de verandering van de financiële balansstanden wordt gecontroleerd. Bij de jaarrealisatie gelden alle 9 toetsen. Indien één van de toetsen die geldt voor de betreffende levering onvoldoende scoort, wordt de inzending afgekeurd. De geldigheid van de toetsen in dit overzicht is gekoppeld aan de waarde die u invult bij het veld Periode op tabblad "4.Informatie".
A7: De acceptatietoetsen behelzen het evenwicht van het saldo van niet-financiële transacties en financiële transacties (toets 1), het gebruik van de juiste categorieën op de financiële balansmutaties (toets 2), de aansluiting tussen de balansmutaties in de matrix en de verandering van de balansstanden (toets 3), het evenwicht van de interne verrekeningen (toets 4) en het gebruik van de financiële categorie (6.1) buiten de financiële balans (toets 5), het evenwicht van de lasten en baten op de taakvelden en of het totaal van de lasten en baten van de taakvelden groter is dan 0 of te wel niet leeg (toets 6), het evenwicht van activa en passiva op de primo balans (toets 7) en ultimo balans (toets 8) en het gebruik van de categorieën 4.3.9 "Inkomensoverdrachten - onverdeeld en 4.4.9 "Kapitaaloverdrachten - onverdeeld (toets 9).
A9: De eventuele fout bij toetsen 1, 2, 4 en 5 wordt uitgedrukt als percentage van het lastentotaal, waarbij een maximale foutmarge wordt toegestaan van 1 procent. Het lastentotaal is hierbij gedefinieerd als de som van het totaal van de lastencategorieën 1 t/m 5 in de matrix. De eventuele fout bij toets 3 (de aansluiting tussen de balansmutaties in de matrix en de verandering van de balansstanden) wordt uitgedrukt als percentage van het gemiddelde van het totaal van de som van primo en ultimo balansstanden. Ook hier geldt een maximale foutmarge van 1 procent. Bij toetsen 6 t/m 9 bedraagt de eventuele toegestane fout 50 duizend euro.
A12: EINDOORDEEL
A13: Uitkomsten: | B13: Toets | C13: Omschrijving | D13: Waardering | E13: Afwijking | F13: Geldig (K=kwartaal; J=jaarrapportage; B= begroting
B14: 1 | C14: Saldo niet-financiële rekening = saldo financiële rekening | D14: =+D32 -> voldoende | E14: =+D31 -> 0.0010789459 | F14: K/J
B15: 2 | C15: Gebruik juiste categorieën (6.1, 7.2 en 7.5) op financiële balans | D15: =+D99 -> voldoende | E15: =+F98 -> 0 | F15: K/J
B16: 3 | C16: Ontwikkeling balansstanden - mutaties in de matrix | D16: =+D184 -> voldoende | E16: =+K183 -> 2.5760117e-06 | F16: K/J (K alleen financieel)
B17: 4 | C17: Verrekencategorieën | D17: =+D198 -> voldoende | E17: =+F197 -> 2.2859024e-06 | F17: K/J
B18: 5 | C18: Categorie 6.1 buiten financiële balans | D18: =+D212 -> voldoende | E18: =+F211 -> 0 | F18: K/J
B19: 6 | C19: Totaal lasten taakvelden = totaal baten taakvelden | Totaal lasten taakvelden + totaal baten taakvelden > 0 | D19: =+D221 -> nvt | E19: =+F219 -> - | F19: B/J
B20: 7 | C20: Totaal primo stand balans activa = totaal primo stand balans passiva | D20: =+D230 -> nvt | E20: =+F228 -> - | F20: J
B21: 8 | C21: Totaal ultimo stand balans activa = totaal ultimo stand balans passiva | D21: =+D239 -> nvt | E21: =+F237 -> - | F21: J
B22: 9 | C22: Gebruik categorieën 4.3.9 en 4.4.9 in periode 1 t/m 5 | D22: =+D249 -> voldoende | E22: =+F247 -> 0 | F22: K/J
C23: EINDOORDEEL = | D23: =+IF(OR(D14="onvoldoende",D15="onvoldoende",D16="onvoldoende",D17="onvoldoende",D18="onvoldoende",D19="onvoldoende",D20="onvoldoende",D21="onvoldoende",D22="onvoldoende"),"onvoldoende","voldoende") -> voldoende
B24: =IF(AND('4.Informatie'!C8=0,SUM('5.Verdelingsmatrix lasten'!AN172+'6.Verdelingsmatrix baten'!AP172)=0),"De balansmutaties ontbreken in deze aanlevering. Deze zijn verplicht bij de begrotingsrapportage sinds de invoering van het nieuwe model (artikel 71 lid c van het BBV)","")
A26: Toets 1 | C26: Saldo niet-financiële rekening = saldo financiële rekening
B27: a | C27: Totaal lasten categorieën 1 t/m 5 | D27: =IF('4.Informatie'!C8=0,"-",SUM('5.Verdelingsmatrix lasten'!$C$174:$AG$174)) -> 437464
B28: b | C28: EMU-saldo berekend uit de niet-financiële rekening (cat 1 t/m 5) | D28: =IF('4.Informatie'!C8=0,"-",SUM('6.Verdelingsmatrix baten'!$C$174:$AI$174)-'9.Eindoordeel'!$D$27) -> -67480
B29: c | C29: EMU-saldo berekend uit de financiële rekening (cat 6.1) | D29: =IF('4.Informatie'!C8=0,"-",'5.Verdelingsmatrix lasten'!$AH$174-'6.Verdelingsmatrix baten'!$AJ$174) -> -67008
B30: d=|b-c| | C30: Absolute afwijking | D30: =IF('4.Informatie'!C8=0,"-",ABS(D28-D29)) -> 472
B31: e=d/a | C31: Afwijking in procenten | D31: =IF('4.Informatie'!C8=0,"-",IF(ISERROR(D30/D27),1,D30/D27)) -> 0.0010789459
C32: Waardering = | D32: =IF('4.Informatie'!C8<>0,IF(D31<=0.01,"voldoende","onvoldoende"),"nvt") -> voldoende
A35: Toets 2 | C35: Gebruik juiste categorieën op financiële balans
C36: Balanspost | D36: L ≠ 6.1, 7.2 of 7.5 | E36: B ≠ 6.1, 7.2 of 7.5
D37: a | E37: b | F37: c=|a|+|b|
C38: A1311 | D38: =VLOOKUP(C38,'5.Verdelingsmatrix lasten'!$A:$AN,40,FALSE)-VLOOKUP(C38,'5.Verdelingsmatrix lasten'!$A:$AN,MATCH("6.1",'5.Verdelingsmatrix lasten'!$A$1:$AN$1,0),FALSE)-VLOOKUP(C38,'5.Verdelingsmatrix lasten'!$A:$AN,MATCH("7.2",'5.Verdelingsmatrix lasten'!$A$1:$AN$1,0),FALSE)-VLOOKUP(C38,'5.Verdelingsmatrix lasten'!$A:$AN,MATCH("7.5",'5.Verdelingsmatrix lasten'!$A$1:$AN$1,0),FALSE) -> 0 | E38: =VLOOKUP(C38,'6.Verdelingsmatrix baten'!$A:$AP,42,FALSE)-VLOOKUP(C38,'6.Verdelingsmatrix baten'!$A:$AP,MATCH("6.1",'6.Verdelingsmatrix baten'!$A$1:$AP$1,0),FALSE)-VLOOKUP(C38,'6.Verdelingsmatrix baten'!$A:$AP,MATCH("7.2",'6.Verdelingsmatrix baten'!$A$1:$AP$1,0),FALSE)-VLOOKUP(C38,'6.Verdelingsmatrix baten'!$A:$AP,MATCH("7.5",'6.Verdelingsmatrix baten'!$A$1:$AP$1,0),FALSE) -> 0 | F38: =+ABS(D38)+ABS(E38) -> 0
C39: A1312 | D39: =VLOOKUP(C39,'5.Verdelingsmatrix lasten'!$A:$AN,40,FALSE)-VLOOKUP(C39,'5.Verdelingsmatrix lasten'!$A:$AN,MATCH("6.1",'5.Verdelingsmatrix lasten'!$A$1:$AN$1,0),FALSE)-VLOOKUP(C39,'5.Verdelingsmatrix lasten'!$A:$AN,MATCH("7.2",'5.Verdelingsmatrix lasten'!$A$1:$AN$1,0),FALSE)-VLOOKUP(C39,'5.Verdelingsmatrix lasten'!$A:$AN,MATCH("7.5",'5.Verdelingsmatrix lasten'!$A$1:$AN$1,0),FALSE) -> 0 | E39: =VLOOKUP(C39,'6.Verdelingsmatrix baten'!$A:$AP,42,FALSE)-VLOOKUP(C39,'6.Verdelingsmatrix baten'!$A:$AP,MATCH("6.1",'6.Verdelingsmatrix baten'!$A$1:$AP$1,0),FALSE)-VLOOKUP(C39,'6.Verdelingsmatrix baten'!$A:$AP,MATCH("7.2",'6.Verdelingsmatrix baten'!$A$1:$AP$1,0),FALSE)-VLOOKUP(C39,'6.Verdelingsmatrix baten'!$A:$AP,MATCH("7.5",'6.Verdelingsmatrix baten'!$A$1:$AP$1,0),FALSE) -> 0 | F39: =+ABS(D39)+ABS(E39) -> 0
C40: A1313 | D40: =VLOOKUP(C40,'5.Verdelingsmatrix lasten'!$A:$AN,40,FALSE)-VLOOKUP(C40,'5.Verdelingsmatrix lasten'!$A:$AN,MATCH("6.1",'5.Verdelingsmatrix lasten'!$A$1:$AN$1,0),FALSE)-VLOOKUP(C40,'5.Verdelingsmatrix lasten'!$A:$AN,MATCH("7.2",'5.Verdelingsmatrix lasten'!$A$1:$AN$1,0),FALSE)-VLOOKUP(C40,'5.Verdelingsmatrix lasten'!$A:$AN,MATCH("7.5",'5.Verdelingsmatrix lasten'!$A$1:$AN$1,0),FALSE) -> 0 | E40: =VLOOKUP(C40,'6.Verdelingsmatrix baten'!$A:$AP,42,FALSE)-VLOOKUP(C40,'6.Verdelingsmatrix baten'!$A:$AP,MATCH("6.1",'6.Verdelingsmatrix baten'!$A$1:$AP$1,0),FALSE)-VLOOKUP(C40,'6.Verdelingsmatrix baten'!$A:$AP,MATCH("7.2",'6.Verdelingsmatrix baten'!$A$1:$AP$1,0),FALSE)-VLOOKUP(C40,'6.Verdelingsmatrix baten'!$A:$AP,MATCH("7.5",'6.Verdelingsmatrix baten'!$A$1:$AP$1,0),FALSE) -> 0 | F40: =+ABS(D40)+ABS(E40) -> 0
C41: A1321 | D41: =VLOOKUP(C41,'5.Verdelingsmatrix lasten'!$A:$AN,40,FALSE)-VLOOKUP(C41,'5.Verdelingsmatrix lasten'!$A:$AN,MATCH("6.1",'5.Verdelingsmatrix lasten'!$A$1:$AN$1,0),FALSE)-VLOOKUP(C41,'5.Verdelingsmatrix lasten'!$A:$AN,MATCH("7.2",'5.Verdelingsmatrix lasten'!$A$1:$AN$1,0),FALSE)-VLOOKUP(C41,'5.Verdelingsmatrix lasten'!$A:$AN,MATCH("7.5",'5.Verdelingsmatrix lasten'!$A$1:$AN$1,0),FALSE) -> 0 | E41: =VLOOKUP(C41,'6.Verdelingsmatrix baten'!$A:$AP,42,FALSE)-VLOOKUP(C41,'6.Verdelingsmatrix baten'!$A:$AP,MATCH("6.1",'6.Verdelingsmatrix baten'!$A$1:$AP$1,0),FALSE)-VLOOKUP(C41,'6.Verdelingsmatrix baten'!$A:$AP,MATCH("7.2",'6.Verdelingsmatrix baten'!$A$1:$AP$1,0),FALSE)-VLOOKUP(C41,'6.Verdelingsmatrix baten'!$A:$AP,MATCH("7.5",'6.Verdelingsmatrix baten'!$A$1:$AP$1,0),FALSE) -> 0 | F41: =+ABS(D41)+ABS(E41) -> 0
C42: A1322 | D42: =VLOOKUP(C42,'5.Verdelingsmatrix lasten'!$A:$AN,40,FALSE)-VLOOKUP(C42,'5.Verdelingsmatrix lasten'!$A:$AN,MATCH("6.1",'5.Verdelingsmatrix lasten'!$A$1:$AN$1,0),FALSE)-VLOOKUP(C42,'5.Verdelingsmatrix lasten'!$A:$AN,MATCH("7.2",'5.Verdelingsmatrix lasten'!$A$1:$AN$1,0),FALSE)-VLOOKUP(C42,'5.Verdelingsmatrix lasten'!$A:$AN,MATCH("7.5",'5.Verdelingsmatrix lasten'!$A$1:$AN$1,0),FALSE) -> 0 | E42: =VLOOKUP(C42,'6.Verdelingsmatrix baten'!$A:$AP,42,FALSE)-VLOOKUP(C42,'6.Verdelingsmatrix baten'!$A:$AP,MATCH("6.1",'6.Verdelingsmatrix baten'!$A$1:$AP$1,0),FALSE)-VLOOKUP(C42,'6.Verdelingsmatrix baten'!$A:$AP,MATCH("7.2",'6.Verdelingsmatrix baten'!$A$1:$AP$1,0),FALSE)-VLOOKUP(C42,'6.Verdelingsmatrix baten'!$A:$AP,MATCH("7.5",'6.Verdelingsmatrix baten'!$A$1:$AP$1,0),FALSE) -> 0 | F42: =+ABS(D42)+ABS(E42) -> 0
C43: A1323 | D43: =VLOOKUP(C43,'5.Verdelingsmatrix lasten'!$A:$AN,40,FALSE)-VLOOKUP(C43,'5.Verdelingsmatrix lasten'!$A:$AN,MATCH("6.1",'5.Verdelingsmatrix lasten'!$A$1:$AN$1,0),FALSE)-VLOOKUP(C43,'5.Verdelingsmatrix lasten'!$A:$AN,MATCH("7.2",'5.Verdelingsmatrix lasten'!$A$1:$AN$1,0),FALSE)-VLOOKUP(C43,'5.Verdelingsmatrix lasten'!$A:$AN,MATCH("7.5",'5.Verdelingsmatrix lasten'!$A$1:$AN$1,0),FALSE) -> 0 | E43: =VLOOKUP(C43,'6.Verdelingsmatrix baten'!$A:$AP,42,FALSE)-VLOOKUP(C43,'6.Verdelingsmatrix baten'!$A:$AP,MATCH("6.1",'6.Verdelingsmatrix baten'!$A$1:$AP$1,0),FALSE)-VLOOKUP(C43,'6.Verdelingsmatrix baten'!$A:$AP,MATCH("7.2",'6.Verdelingsmatrix baten'!$A$1:$AP$1,0),FALSE)-VLOOKUP(C43,'6.Verdelingsmatrix baten'!$A:$AP,MATCH("7.5",'6.Verdelingsmatrix baten'!$A$1:$AP$1,0),FALSE) -> 0 | F43: =+ABS(D43)+ABS(E43) -> 0
C44: A1331b | D44: =VLOOKUP(C44,'5.Verdelingsmatrix lasten'!$A:$AN,40,FALSE)-VLOOKUP(C44,'5.Verdelingsmatrix lasten'!$A:$AN,MATCH("6.1",'5.Verdelingsmatrix lasten'!$A$1:$AN$1,0),FALSE)-VLOOKUP(C44,'5.Verdelingsmatrix lasten'!$A:$AN,MATCH("7.2",'5.Verdelingsmatrix lasten'!$A$1:$AN$1,0),FALSE)-VLOOKUP(C44,'5.Verdelingsmatrix lasten'!$A:$AN,MATCH("7.5",'5.Verdelingsmatrix lasten'!$A$1:$AN$1,0),FALSE) -> 0 | E44: =VLOOKUP(C44,'6.Verdelingsmatrix baten'!$A:$AP,42,FALSE)-VLOOKUP(C44,'6.Verdelingsmatrix baten'!$A:$AP,MATCH("6.1",'6.Verdelingsmatrix baten'!$A$1:$AP$1,0),FALSE)-VLOOKUP(C44,'6.Verdelingsmatrix baten'!$A:$AP,MATCH("7.2",'6.Verdelingsmatrix baten'!$A$1:$AP$1,0),FALSE)-VLOOKUP(C44,'6.Verdelingsmatrix baten'!$A:$AP,MATCH("7.5",'6.Verdelingsmatrix baten'!$A$1:$AP$1,0),FALSE) -> 0 | F44: =+ABS(D44)+ABS(E44) -> 0
C45: A1331c | D45: =VLOOKUP(C45,'5.Verdelingsmatrix lasten'!$A:$AN,40,FALSE)-VLOOKUP(C45,'5.Verdelingsmatrix lasten'!$A:$AN,MATCH("6.1",'5.Verdelingsmatrix lasten'!$A$1:$AN$1,0),FALSE)-VLOOKUP(C45,'5.Verdelingsmatrix lasten'!$A:$AN,MATCH("7.2",'5.Verdelingsmatrix lasten'!$A$1:$AN$1,0),FALSE)-VLOOKUP(C45,'5.Verdelingsmatrix lasten'!$A:$AN,MATCH("7.5",'5.Verdelingsmatrix lasten'!$A$1:$AN$1,0),FALSE) -> 0 | E45: =VLOOKUP(C45,'6.Verdelingsmatrix baten'!$A:$AP,42,FALSE)-VLOOKUP(C45,'6.Verdelingsmatrix baten'!$A:$AP,MATCH("6.1",'6.Verdelingsmatrix baten'!$A$1:$AP$1,0),FALSE)-VLOOKUP(C45,'6.Verdelingsmatrix baten'!$A:$AP,MATCH("7.2",'6.Verdelingsmatrix baten'!$A$1:$AP$1,0),FALSE)-VLOOKUP(C45,'6.Verdelingsmatrix baten'!$A:$AP,MATCH("7.5",'6.Verdelingsmatrix baten'!$A$1:$AP$1,0),FALSE) -> 0 | F45: =+ABS(D45)+ABS(E45) -> 0
C46: A1331d | D46: =VLOOKUP(C46,'5.Verdelingsmatrix lasten'!$A:$AN,40,FALSE)-VLOOKUP(C46,'5.Verdelingsmatrix lasten'!$A:$AN,MATCH("6.1",'5.Verdelingsmatrix lasten'!$A$1:$AN$1,0),FALSE)-VLOOKUP(C46,'5.Verdelingsmatrix lasten'!$A:$AN,MATCH("7.2",'5.Verdelingsmatrix lasten'!$A$1:$AN$1,0),FALSE)-VLOOKUP(C46,'5.Verdelingsmatrix lasten'!$A:$AN,MATCH("7.5",'5.Verdelingsmatrix lasten'!$A$1:$AN$1,0),FALSE) -> 0 | E46: =VLOOKUP(C46,'6.Verdelingsmatrix baten'!$A:$AP,42,FALSE)-VLOOKUP(C46,'6.Verdelingsmatrix baten'!$A:$AP,MATCH("6.1",'6.Verdelingsmatrix baten'!$A$1:$AP$1,0),FALSE)-VLOOKUP(C46,'6.Verdelingsmatrix baten'!$A:$AP,MATCH("7.2",'6.Verdelingsmatrix baten'!$A$1:$AP$1,0),FALSE)-VLOOKUP(C46,'6.Verdelingsmatrix baten'!$A:$AP,MATCH("7.5",'6.Verdelingsmatrix baten'!$A$1:$AP$1,0),FALSE) -> 0 | F46: =+ABS(D46)+ABS(E46) -> 0
C47: A1331e | D47: =VLOOKUP(C47,'5.Verdelingsmatrix lasten'!$A:$AN,40,FALSE)-VLOOKUP(C47,'5.Verdelingsmatrix lasten'!$A:$AN,MATCH("6.1",'5.Verdelingsmatrix lasten'!$A$1:$AN$1,0),FALSE)-VLOOKUP(C47,'5.Verdelingsmatrix lasten'!$A:$AN,MATCH("7.2",'5.Verdelingsmatrix lasten'!$A$1:$AN$1,0),FALSE)-VLOOKUP(C47,'5.Verdelingsmatrix lasten'!$A:$AN,MATCH("7.5",'5.Verdelingsmatrix lasten'!$A$1:$AN$1,0),FALSE) -> 0 | E47: =VLOOKUP(C47,'6.Verdelingsmatrix baten'!$A:$AP,42,FALSE)-VLOOKUP(C47,'6.Verdelingsmatrix baten'!$A:$AP,MATCH("6.1",'6.Verdelingsmatrix baten'!$A$1:$AP$1,0),FALSE)-VLOOKUP(C47,'6.Verdelingsmatrix baten'!$A:$AP,MATCH("7.2",'6.Verdelingsmatrix baten'!$A$1:$AP$1,0),FALSE)-VLOOKUP(C47,'6.Verdelingsmatrix baten'!$A:$AP,MATCH("7.5",'6.Verdelingsmatrix baten'!$A$1:$AP$1,0),FALSE) -> 0 | F47: =+ABS(D47)+ABS(E47) -> 0
C48: A1332a | D48: =VLOOKUP(C48,'5.Verdelingsmatrix lasten'!$A:$AN,40,FALSE)-VLOOKUP(C48,'5.Verdelingsmatrix lasten'!$A:$AN,MATCH("6.1",'5.Verdelingsmatrix lasten'!$A$1:$AN$1,0),FALSE)-VLOOKUP(C48,'5.Verdelingsmatrix lasten'!$A:$AN,MATCH("7.2",'5.Verdelingsmatrix lasten'!$A$1:$AN$1,0),FALSE)-VLOOKUP(C48,'5.Verdelingsmatrix lasten'!$A:$AN,MATCH("7.5",'5.Verdelingsmatrix lasten'!$A$1:$AN$1,0),FALSE) -> 0 | E48: =VLOOKUP(C48,'6.Verdelingsmatrix baten'!$A:$AP,42,FALSE)-VLOOKUP(C48,'6.Verdelingsmatrix baten'!$A:$AP,MATCH("6.1",'6.Verdelingsmatrix baten'!$A$1:$AP$1,0),FALSE)-VLOOKUP(C48,'6.Verdelingsmatrix baten'!$A:$AP,MATCH("7.2",'6.Verdelingsmatrix baten'!$A$1:$AP$1,0),FALSE)-VLOOKUP(C48,'6.Verdelingsmatrix baten'!$A:$AP,MATCH("7.5",'6.Verdelingsmatrix baten'!$A$1:$AP$1,0),FALSE) -> 0 | F48: =+ABS(D48)+ABS(E48) -> 0
C49: A1332b | D49: =VLOOKUP(C49,'5.Verdelingsmatrix lasten'!$A:$AN,40,FALSE)-VLOOKUP(C49,'5.Verdelingsmatrix lasten'!$A:$AN,MATCH("6.1",'5.Verdelingsmatrix lasten'!$A$1:$AN$1,0),FALSE)-VLOOKUP(C49,'5.Verdelingsmatrix lasten'!$A:$AN,MATCH("7.2",'5.Verdelingsmatrix lasten'!$A$1:$AN$1,0),FALSE)-VLOOKUP(C49,'5.Verdelingsmatrix lasten'!$A:$AN,MATCH("7.5",'5.Verdelingsmatrix lasten'!$A$1:$AN$1,0),FALSE) -> 0 | E49: =VLOOKUP(C49,'6.Verdelingsmatrix baten'!$A:$AP,42,FALSE)-VLOOKUP(C49,'6.Verdelingsmatrix baten'!$A:$AP,MATCH("6.1",'6.Verdelingsmatrix baten'!$A$1:$AP$1,0),FALSE)-VLOOKUP(C49,'6.Verdelingsmatrix baten'!$A:$AP,MATCH("7.2",'6.Verdelingsmatrix baten'!$A$1:$AP$1,0),FALSE)-VLOOKUP(C49,'6.Verdelingsmatrix baten'!$A:$AP,MATCH("7.5",'6.Verdelingsmatrix baten'!$A$1:$AP$1,0),FALSE) -> 0 | F49: =+ABS(D49)+ABS(E49) -> 0
... C95: P29g | D95: =VLOOKUP(C95,'5.Verdelingsmatrix lasten'!$A:$AN,40,FALSE)-VLOOKUP(C95,'5.Verdelingsmatrix lasten'!$A:$AN,MATCH("6.1",'5.Verdelingsmatrix lasten'!$A$1:$AN$1,0),FALSE)-VLOOKUP(C95,'5.Verdelingsmatrix lasten'!$A:$AN,MATCH("7.2",'5.Verdelingsmatrix lasten'!$A$1:$AN$1,0),FALSE)-VLOOKUP(C95,'5.Verdelingsmatrix lasten'!$A:$AN,MATCH("7.5",'5.Verdelingsmatrix lasten'!$A$1:$AN$1,0),FALSE) -> 0 | E95: =VLOOKUP(C95,'6.Verdelingsmatrix baten'!$A:$AP,42,FALSE)-VLOOKUP(C95,'6.Verdelingsmatrix baten'!$A:$AP,MATCH("6.1",'6.Verdelingsmatrix baten'!$A$1:$AP$1,0),FALSE)-VLOOKUP(C95,'6.Verdelingsmatrix baten'!$A:$AP,MATCH("7.2",'6.Verdelingsmatrix baten'!$A$1:$AP$1,0),FALSE)-VLOOKUP(C95,'6.Verdelingsmatrix baten'!$A:$AP,MATCH("7.5",'6.Verdelingsmatrix baten'!$A$1:$AP$1,0),FALSE) -> 0 | F95: =+ABS(D95)+ABS(E95) -> 0
B96: a | C96: Absolute afwijking (=totaal som) | F96: =IF('4.Informatie'!C8=0,"-",SUM(F38:F95)) -> 0
B97: b | C97: Totaal lasten categorieën 1 t/m 5 | F97: =$D$27 -> 437464
B98: c=a/b | C98: Afwijking in procenten | F98: =IF('4.Informatie'!C8=0,"-",IF(ISERROR(F96/F97),1,F96/F97)) -> 0
C99: Waardering = | D99: =IF('4.Informatie'!C8<>0,IF(F98<=0.01,"voldoende","onvoldoende"),"nvt") -> voldoende
A102: Toets 3 | C102: Ontwikkeling balansstanden - mutaties in de matrix
D103: primo | E103: ultimo | G103: lasten | H103: baten | I103: activa: f=d-e | J103: teller | K103: noemer
C104: Balanspost | D104: a | E104: b | F104: c=b-a | G104: d | H104: e | I104: passiva: f=e-d | J104: g=|c-f| | K104: h=|a|+|b|
C105: A111 | D105: =+VLOOKUP($C105,'7.Balansstanden'!$D:$H,3,FALSE) -> 0 | E105: =+VLOOKUP($C105,'7.Balansstanden'!$D:$H,5,FALSE) -> 0 | F105: =+E105-D105 -> 0 | G105: =+VLOOKUP($C105,'5.Verdelingsmatrix lasten'!$A:$AN,40,FALSE) -> 0 | H105: =+VLOOKUP($C105,'6.Verdelingsmatrix baten'!$A:$AP,42,FALSE) -> 0 | I105: =+G105-H105 -> 0 | J105: =IF('4.Informatie'!$C$8<>5,0,ABS(+F105-I105)) -> 0 | K105: =IF('4.Informatie'!$C$8<>5,0,ABS(D105)+ABS(E105)) -> 0
C106: A112 | D106: =+VLOOKUP($C106,'7.Balansstanden'!$D:$H,3,FALSE) -> 4 | E106: =+VLOOKUP($C106,'7.Balansstanden'!$D:$H,5,FALSE) -> 2 | F106: =+E106-D106 -> -2 | G106: =+VLOOKUP($C106,'5.Verdelingsmatrix lasten'!$A:$AN,40,FALSE) -> 0 | H106: =+VLOOKUP($C106,'6.Verdelingsmatrix baten'!$A:$AP,42,FALSE) -> 1 | I106: =+G106-H106 -> -1 | J106: =IF('4.Informatie'!$C$8<>5,0,ABS(+F106-I106)) -> 0 | K106: =IF('4.Informatie'!$C$8<>5,0,ABS(D106)+ABS(E106)) -> 0
C107: A113 | D107: =+VLOOKUP($C107,'7.Balansstanden'!$D:$H,3,FALSE) -> 72463 | E107: =+VLOOKUP($C107,'7.Balansstanden'!$D:$H,5,FALSE) -> 107845 | F107: =+E107-D107 -> 35382 | G107: =+VLOOKUP($C107,'5.Verdelingsmatrix lasten'!$A:$AN,40,FALSE) -> 37974 | H107: =+VLOOKUP($C107,'6.Verdelingsmatrix baten'!$A:$AP,42,FALSE) -> 2590 | I107: =+G107-H107 -> 35384 | J107: =IF('4.Informatie'!$C$8<>5,0,ABS(+F107-I107)) -> 0 | K107: =IF('4.Informatie'!$C$8<>5,0,ABS(D107)+ABS(E107)) -> 0
C108: A121 | D108: =+VLOOKUP($C108,'7.Balansstanden'!$D:$H,3,FALSE) -> 39775 | E108: =+VLOOKUP($C108,'7.Balansstanden'!$D:$H,5,FALSE) -> 39462 | F108: =+E108-D108 -> -313 | G108: =+VLOOKUP($C108,'5.Verdelingsmatrix lasten'!$A:$AN,40,FALSE) -> 43 | H108: =+VLOOKUP($C108,'6.Verdelingsmatrix baten'!$A:$AP,42,FALSE) -> 355 | I108: =+G108-H108 -> -312 | J108: =IF('4.Informatie'!$C$8<>5,0,ABS(+F108-I108)) -> 0 | K108: =IF('4.Informatie'!$C$8<>5,0,ABS(D108)+ABS(E108)) -> 0
C109: A122 | D109: =+VLOOKUP($C109,'7.Balansstanden'!$D:$H,3,FALSE) -> 10 | E109: =+VLOOKUP($C109,'7.Balansstanden'!$D:$H,5,FALSE) -> 10 | F109: =+E109-D109 -> 0 | G109: =+VLOOKUP($C109,'5.Verdelingsmatrix lasten'!$A:$AN,40,FALSE) -> 0 | H109: =+VLOOKUP($C109,'6.Verdelingsmatrix baten'!$A:$AP,42,FALSE) -> 1 | I109: =+G109-H109 -> -1 | J109: =IF('4.Informatie'!$C$8<>5,0,ABS(+F109-I109)) -> 0 | K109: =IF('4.Informatie'!$C$8<>5,0,ABS(D109)+ABS(E109)) -> 0
C110: A123 | D110: =+VLOOKUP($C110,'7.Balansstanden'!$D:$H,3,FALSE) -> 24711 | E110: =+VLOOKUP($C110,'7.Balansstanden'!$D:$H,5,FALSE) -> 22457 | F110: =+E110-D110 -> -2254 | G110: =+VLOOKUP($C110,'5.Verdelingsmatrix lasten'!$A:$AN,40,FALSE) -> 0 | H110: =+VLOOKUP($C110,'6.Verdelingsmatrix baten'!$A:$AP,42,FALSE) -> 2254 | I110: =+G110-H110 -> -2254 | J110: =IF('4.Informatie'!$C$8<>5,0,ABS(+F110-I110)) -> 0 | K110: =IF('4.Informatie'!$C$8<>5,0,ABS(D110)+ABS(E110)) -> 0
C111: A124 | D111: =+VLOOKUP($C111,'7.Balansstanden'!$D:$H,3,FALSE) -> 326513 | E111: =+VLOOKUP($C111,'7.Balansstanden'!$D:$H,5,FALSE) -> 332704 | F111: =+E111-D111 -> 6191 | G111: =+VLOOKUP($C111,'5.Verdelingsmatrix lasten'!$A:$AN,40,FALSE) -> 16251 | H111: =+VLOOKUP($C111,'6.Verdelingsmatrix baten'!$A:$AP,42,FALSE) -> 10060 | I111: =+G111-H111 -> 6191 | J111: =IF('4.Informatie'!$C$8<>5,0,ABS(+F111-I111)) -> 0 | K111: =IF('4.Informatie'!$C$8<>5,0,ABS(D111)+ABS(E111)) -> 0
C112: A125 | D112: =+VLOOKUP($C112,'7.Balansstanden'!$D:$H,3,FALSE) -> 0 | E112: =+VLOOKUP($C112,'7.Balansstanden'!$D:$H,5,FALSE) -> 0 | F112: =+E112-D112 -> 0 | G112: =+VLOOKUP($C112,'5.Verdelingsmatrix lasten'!$A:$AN,40,FALSE) -> 0 | H112: =+VLOOKUP($C112,'6.Verdelingsmatrix baten'!$A:$AP,42,FALSE) -> 0 | I112: =+G112-H112 -> 0 | J112: =IF('4.Informatie'!$C$8<>5,0,ABS(+F112-I112)) -> 0 | K112: =IF('4.Informatie'!$C$8<>5,0,ABS(D112)+ABS(E112)) -> 0
C113: A126 | D113: =+VLOOKUP($C113,'7.Balansstanden'!$D:$H,3,FALSE) -> 15878 | E113: =+VLOOKUP($C113,'7.Balansstanden'!$D:$H,5,FALSE) -> 16353 | F113: =+E113-D113 -> 475 | G113: =+VLOOKUP($C113,'5.Verdelingsmatrix lasten'!$A:$AN,40,FALSE) -> 1930 | H113: =+VLOOKUP($C113,'6.Verdelingsmatrix baten'!$A:$AP,42,FALSE) -> 1455 | I113: =+G113-H113 -> 475 | J113: =IF('4.Informatie'!$C$8<>5,0,ABS(+F113-I113)) -> 0 | K113: =IF('4.Informatie'!$C$8<>5,0,ABS(D113)+ABS(E113)) -> 0
C114: A129 | D114: =+VLOOKUP($C114,'7.Balansstanden'!$D:$H,3,FALSE) -> 3042 | E114: =+VLOOKUP($C114,'7.Balansstanden'!$D:$H,5,FALSE) -> 2972 | F114: =+E114-D114 -> -70 | G114: =+VLOOKUP($C114,'5.Verdelingsmatrix lasten'!$A:$AN,40,FALSE) -> 282 | H114: =+VLOOKUP($C114,'6.Verdelingsmatrix baten'!$A:$AP,42,FALSE) -> 352 | I114: =+G114-H114 -> -70 | J114: =IF('4.Informatie'!$C$8<>5,0,ABS(+F114-I114)) -> 0 | K114: =IF('4.Informatie'!$C$8<>5,0,ABS(D114)+ABS(E114)) -> 0
C115: A1311 | D115: =+VLOOKUP($C115,'7.Balansstanden'!$D:$H,3,FALSE) -> 321246 | E115: =+VLOOKUP($C115,'7.Balansstanden'!$D:$H,5,FALSE) -> 352203 | F115: =+E115-D115 -> 30957 | G115: =+VLOOKUP($C115,'5.Verdelingsmatrix lasten'!$A:$AN,40,FALSE) -> 32207 | H115: =+VLOOKUP($C115,'6.Verdelingsmatrix baten'!$A:$AP,42,FALSE) -> 1250 | I115: =+G115-H115 -> 30957 | J115: =ABS(+F115-I115) -> 0 | K115: =ABS(D115)+ABS(E115) -> 673449
C116: A1312 | D116: =+VLOOKUP($C116,'7.Balansstanden'!$D:$H,3,FALSE) -> 0 | E116: =+VLOOKUP($C116,'7.Balansstanden'!$D:$H,5,FALSE) -> 0 | F116: =+E116-D116 -> 0 | G116: =+VLOOKUP($C116,'5.Verdelingsmatrix lasten'!$A:$AN,40,FALSE) -> 0 | H116: =+VLOOKUP($C116,'6.Verdelingsmatrix baten'!$A:$AP,42,FALSE) -> 0 | I116: =+G116-H116 -> 0 | J116: =ABS(+F116-I116) -> 0 | K116: =ABS(D116)+ABS(E116) -> 0
C117: A1313 | D117: =+VLOOKUP($C117,'7.Balansstanden'!$D:$H,3,FALSE) -> 0 | E117: =+VLOOKUP($C117,'7.Balansstanden'!$D:$H,5,FALSE) -> 0 | F117: =+E117-D117 -> 0 | G117: =+VLOOKUP($C117,'5.Verdelingsmatrix lasten'!$A:$AN,40,FALSE) -> 0 | H117: =+VLOOKUP($C117,'6.Verdelingsmatrix baten'!$A:$AP,42,FALSE) -> 0 | I117: =+G117-H117 -> 0 | J117: =ABS(+F117-I117) -> 0 | K117: =ABS(D117)+ABS(E117) -> 0
C118: A1321 | D118: =+VLOOKUP($C118,'7.Balansstanden'!$D:$H,3,FALSE) -> 0 | E118: =+VLOOKUP($C118,'7.Balansstanden'!$D:$H,5,FALSE) -> 0 | F118: =+E118-D118 -> 0 | G118: =+VLOOKUP($C118,'5.Verdelingsmatrix lasten'!$A:$AN,40,FALSE) -> 0 | H118: =+VLOOKUP($C118,'6.Verdelingsmatrix baten'!$A:$AP,42,FALSE) -> 0 | I118: =+G118-H118 -> 0 | J118: =ABS(+F118-I118) -> 0 | K118: =ABS(D118)+ABS(E118) -> 0
C119: A1322 | D119: =+VLOOKUP($C119,'7.Balansstanden'!$D:$H,3,FALSE) -> 334578 | E119: =+VLOOKUP($C119,'7.Balansstanden'!$D:$H,5,FALSE) -> 333027 | F119: =+E119-D119 -> -1551 | G119: =+VLOOKUP($C119,'5.Verdelingsmatrix lasten'!$A:$AN,40,FALSE) -> 0 | H119: =+VLOOKUP($C119,'6.Verdelingsmatrix baten'!$A:$AP,42,FALSE) -> 1551 | I119: =+G119-H119 -> -1551 | J119: =ABS(+F119-I119) -> 0 | K119: =ABS(D119)+ABS(E119) -> 667605
C120: A1323 | D120: =+VLOOKUP($C120,'7.Balansstanden'!$D:$H,3,FALSE) -> 1250 | E120: =+VLOOKUP($C120,'7.Balansstanden'!$D:$H,5,FALSE) -> 1250 | F120: =+E120-D120 -> 0 | G120: =+VLOOKUP($C120,'5.Verdelingsmatrix lasten'!$A:$AN,40,FALSE) -> 0 | H120: =+VLOOKUP($C120,'6.Verdelingsmatrix baten'!$A:$AP,42,FALSE) -> 0 | I120: =+G120-H120 -> 0 | J120: =ABS(+F120-I120) -> 0 | K120: =ABS(D120)+ABS(E120) -> 2500
C121: A1331b | D121: =+VLOOKUP($C121,'7.Balansstanden'!$D:$H,3,FALSE) -> 250870 | E121: =+VLOOKUP($C121,'7.Balansstanden'!$D:$H,5,FALSE) -> 287746 | F121: =+E121-D121 -> 36876 | G121: =+VLOOKUP($C121,'5.Verdelingsmatrix lasten'!$A:$AN,40,FALSE) -> 37499 | H121: =+VLOOKUP($C121,'6.Verdelingsmatrix baten'!$A:$AP,42,FALSE) -> 623 | I121: =+G121-H121 -> 36876 | J121: =ABS(+F121-I121) -> 0 | K121: =ABS(D121)+ABS(E121) -> 538616
C122: A1331c | D122: =+VLOOKUP($C122,'7.Balansstanden'!$D:$H,3,FALSE) -> 385388 | E122: =+VLOOKUP($C122,'7.Balansstanden'!$D:$H,5,FALSE) -> 359523 | F122: =+E122-D122 -> -25865 | G122: =+VLOOKUP($C122,'5.Verdelingsmatrix lasten'!$A:$AN,40,FALSE) -> 0 | H122: =+VLOOKUP($C122,'6.Verdelingsmatrix baten'!$A:$AP,42,FALSE) -> 25865 | I122: =+G122-H122 -> -25865 | J122: =ABS(+F122-I122) -> 0 | K122: =ABS(D122)+ABS(E122) -> 744911
C123: A1331d | D123: =+VLOOKUP($C123,'7.Balansstanden'!$D:$H,3,FALSE) -> 0 | E123: =+VLOOKUP($C123,'7.Balansstanden'!$D:$H,5,FALSE) -> 0 | F123: =+E123-D123 -> 0 | G123: =+VLOOKUP($C123,'5.Verdelingsmatrix lasten'!$A:$AN,40,FALSE) -> 0 | H123: =+VLOOKUP($C123,'6.Verdelingsmatrix baten'!$A:$AP,42,FALSE) -> 0 | I123: =+G123-H123 -> 0 | J123: =ABS(+F123-I123) -> 0 | K123: =ABS(D123)+ABS(E123) -> 0
C124: A1331e | D124: =+VLOOKUP($C124,'7.Balansstanden'!$D:$H,3,FALSE) -> 28000 | E124: =+VLOOKUP($C124,'7.Balansstanden'!$D:$H,5,FALSE) -> 27000 | F124: =+E124-D124 -> -1000 | G124: =+VLOOKUP($C124,'5.Verdelingsmatrix lasten'!$A:$AN,40,FALSE) -> 0 | H124: =+VLOOKUP($C124,'6.Verdelingsmatrix baten'!$A:$AP,42,FALSE) -> 1000 | I124: =+G124-H124 -> -1000 | J124: =ABS(+F124-I124) -> 0 | K124: =ABS(D124)+ABS(E124) -> 55000
C125: A1332a | D125: =+VLOOKUP($C125,'7.Balansstanden'!$D:$H,3,FALSE) -> 100000 | E125: =+VLOOKUP($C125,'7.Balansstanden'!$D:$H,5,FALSE) -> 100000 | F125: =+E125-D125 -> 0 | G125: =+VLOOKUP($C125,'5.Verdelingsmatrix lasten'!$A:$AN,40,FALSE) -> 0 | H125: =+VLOOKUP($C125,'6.Verdelingsmatrix baten'!$A:$AP,42,FALSE) -> 0 | I125: =+G125-H125 -> 0 | J125: =ABS(+F125-I125) -> 0 | K125: =ABS(D125)+ABS(E125) -> 200000
C126: A1332b | D126: =+VLOOKUP($C126,'7.Balansstanden'!$D:$H,3,FALSE) -> 0 | E126: =+VLOOKUP($C126,'7.Balansstanden'!$D:$H,5,FALSE) -> 0 | F126: =+E126-D126 -> 0 | G126: =+VLOOKUP($C126,'5.Verdelingsmatrix lasten'!$A:$AN,40,FALSE) -> 0 | H126: =+VLOOKUP($C126,'6.Verdelingsmatrix baten'!$A:$AP,42,FALSE) -> 0 | I126: =+G126-H126 -> 0 | J126: =ABS(+F126-I126) -> 0 | K126: =ABS(D126)+ABS(E126) -> 0
C127: A1332c | D127: =+VLOOKUP($C127,'7.Balansstanden'!$D:$H,3,FALSE) -> 233 | E127: =+VLOOKUP($C127,'7.Balansstanden'!$D:$H,5,FALSE) -> 0 | F127: =+E127-D127 -> -233 | G127: =+VLOOKUP($C127,'5.Verdelingsmatrix lasten'!$A:$AN,40,FALSE) -> 0 | H127: =+VLOOKUP($C127,'6.Verdelingsmatrix baten'!$A:$AP,42,FALSE) -> 233 | I127: =+G127-H127 -> -233 | J127: =ABS(+F127-I127) -> 0 | K127: =ABS(D127)+ABS(E127) -> 233
C128: A212 | D128: =+VLOOKUP($C128,'7.Balansstanden'!$D:$H,3,FALSE) -> 0 | E128: =+VLOOKUP($C128,'7.Balansstanden'!$D:$H,5,FALSE) -> 0 | F128: =+E128-D128 -> 0 | G128: =+VLOOKUP($C128,'5.Verdelingsmatrix lasten'!$A:$AN,40,FALSE) -> 0 | H128: =+VLOOKUP($C128,'6.Verdelingsmatrix baten'!$A:$AP,42,FALSE) -> 0 | I128: =+G128-H128 -> 0 | J128: =IF('4.Informatie'!$C$8<>5,0,ABS(+F128-I128)) -> 0 | K128: =IF('4.Informatie'!$C$8<>5,0,ABS(D128)+ABS(E128)) -> 0
C129: A213 | D129: =+VLOOKUP($C129,'7.Balansstanden'!$D:$H,3,FALSE) -> 13028 | E129: =+VLOOKUP($C129,'7.Balansstanden'!$D:$H,5,FALSE) -> 5758 | F129: =+E129-D129 -> -7270 | G129: =+VLOOKUP($C129,'5.Verdelingsmatrix lasten'!$A:$AN,40,FALSE) -> -154 | H129: =+VLOOKUP($C129,'6.Verdelingsmatrix baten'!$A:$AP,42,FALSE) -> 7115 | I129: =+G129-H129 -> -7269 | J129: =IF('4.Informatie'!$C$8<>5,0,ABS(+F129-I129)) -> 0 | K129: =IF('4.Informatie'!$C$8<>5,0,ABS(D129)+ABS(E129)) -> 0
C130: A214 | D130: =+VLOOKUP($C130,'7.Balansstanden'!$D:$H,3,FALSE) -> 23954 | E130: =+VLOOKUP($C130,'7.Balansstanden'!$D:$H,5,FALSE) -> 25881 | F130: =+E130-D130 -> 1927 | G130: =+VLOOKUP($C130,'5.Verdelingsmatrix lasten'!$A:$AN,40,FALSE) -> 1928 | H130: =+VLOOKUP($C130,'6.Verdelingsmatrix baten'!$A:$AP,42,FALSE) -> 0 | I130: =+G130-H130 -> 1928 | J130: =IF('4.Informatie'!$C$8<>5,0,ABS(+F130-I130)) -> 0 | K130: =IF('4.Informatie'!$C$8<>5,0,ABS(D130)+ABS(E130)) -> 0
C131: A215 | D131: =+VLOOKUP($C131,'7.Balansstanden'!$D:$H,3,FALSE) -> 0 | E131: =+VLOOKUP($C131,'7.Balansstanden'!$D:$H,5,FALSE) -> 0 | F131: =+E131-D131 -> 0 | G131: =+VLOOKUP($C131,'5.Verdelingsmatrix lasten'!$A:$AN,40,FALSE) -> 0 | H131: =+VLOOKUP($C131,'6.Verdelingsmatrix baten'!$A:$AP,42,FALSE) -> 0 | I131: =+G131-H131 -> 0 | J131: =IF('4.Informatie'!$C$8<>5,0,ABS(+F131-I131)) -> 0 | K131: =IF('4.Informatie'!$C$8<>5,0,ABS(D131)+ABS(E131)) -> 0
C132: A221a | D132: =+VLOOKUP($C132,'7.Balansstanden'!$D:$H,3,FALSE) -> 2143 | E132: =+VLOOKUP($C132,'7.Balansstanden'!$D:$H,5,FALSE) -> 2493 | F132: =+E132-D132 -> 350 | G132: =+VLOOKUP($C132,'5.Verdelingsmatrix lasten'!$A:$AN,40,FALSE) -> 349 | H132: =+VLOOKUP($C132,'6.Verdelingsmatrix baten'!$A:$AP,42,FALSE) -> 0 | I132: =+G132-H132 -> 349 | J132: =ABS(+F132-I132) -> 1 | K132: =ABS(D132)+ABS(E132) -> 4636
C133: A221b | D133: =+VLOOKUP($C133,'7.Balansstanden'!$D:$H,3,FALSE) -> 0 | E133: =+VLOOKUP($C133,'7.Balansstanden'!$D:$H,5,FALSE) -> 0 | F133: =+E133-D133 -> 0 | G133: =+VLOOKUP($C133,'5.Verdelingsmatrix lasten'!$A:$AN,40,FALSE) -> 0 | H133: =+VLOOKUP($C133,'6.Verdelingsmatrix baten'!$A:$AP,42,FALSE) -> 0 | I133: =+G133-H133 -> 0 | J133: =ABS(+F133-I133) -> 0 | K133: =ABS(D133)+ABS(E133) -> 0
C134: A221c | D134: =+VLOOKUP($C134,'7.Balansstanden'!$D:$H,3,FALSE) -> 31167 | E134: =+VLOOKUP($C134,'7.Balansstanden'!$D:$H,5,FALSE) -> 15901 | F134: =+E134-D134 -> -15266 | G134: =+VLOOKUP($C134,'5.Verdelingsmatrix lasten'!$A:$AN,40,FALSE) -> -15265 | H134: =+VLOOKUP($C134,'6.Verdelingsmatrix baten'!$A:$AP,42,FALSE) -> 0 | I134: =+G134-H134 -> -15265 | J134: =ABS(+F134-I134) -> 1 | K134: =ABS(D134)+ABS(E134) -> 47068
C135: A222b | D135: =+VLOOKUP($C135,'7.Balansstanden'!$D:$H,3,FALSE) -> 0 | E135: =+VLOOKUP($C135,'7.Balansstanden'!$D:$H,5,FALSE) -> 0 | F135: =+E135-D135 -> 0 | G135: =+VLOOKUP($C135,'5.Verdelingsmatrix lasten'!$A:$AN,40,FALSE) -> 0 | H135: =+VLOOKUP($C135,'6.Verdelingsmatrix baten'!$A:$AP,42,FALSE) -> 0 | I135: =+G135-H135 -> 0 | J135: =ABS(+F135-I135) -> 0 | K135: =ABS(D135)+ABS(E135) -> 0
C136: A222c | D136: =+VLOOKUP($C136,'7.Balansstanden'!$D:$H,3,FALSE) -> 0 | E136: =+VLOOKUP($C136,'7.Balansstanden'!$D:$H,5,FALSE) -> 0 | F136: =+E136-D136 -> 0 | G136: =+VLOOKUP($C136,'5.Verdelingsmatrix lasten'!$A:$AN,40,FALSE) -> 0 | H136: =+VLOOKUP($C136,'6.Verdelingsmatrix baten'!$A:$AP,42,FALSE) -> 0 | I136: =+G136-H136 -> 0 | J136: =ABS(+F136-I136) -> 0 | K136: =ABS(D136)+ABS(E136) -> 0
C137: A222d | D137: =+VLOOKUP($C137,'7.Balansstanden'!$D:$H,3,FALSE) -> 0 | E137: =+VLOOKUP($C137,'7.Balansstanden'!$D:$H,5,FALSE) -> 0 | F137: =+E137-D137 -> 0 | G137: =+VLOOKUP($C137,'5.Verdelingsmatrix lasten'!$A:$AN,40,FALSE) -> 0 | H137: =+VLOOKUP($C137,'6.Verdelingsmatrix baten'!$A:$AP,42,FALSE) -> 0 | I137: =+G137-H137 -> 0 | J137: =ABS(+F137-I137) -> 0 | K137: =ABS(D137)+ABS(E137) -> 0
C138: A222e | D138: =+VLOOKUP($C138,'7.Balansstanden'!$D:$H,3,FALSE) -> 0 | E138: =+VLOOKUP($C138,'7.Balansstanden'!$D:$H,5,FALSE) -> 0 | F138: =+E138-D138 -> 0 | G138: =+VLOOKUP($C138,'5.Verdelingsmatrix lasten'!$A:$AN,40,FALSE) -> 0 | H138: =+VLOOKUP($C138,'6.Verdelingsmatrix baten'!$A:$AP,42,FALSE) -> 0 | I138: =+G138-H138 -> 0 | J138: =ABS(+F138-I138) -> 0 | K138: =ABS(D138)+ABS(E138) -> 0
C139: A223a | D139: =+VLOOKUP($C139,'7.Balansstanden'!$D:$H,3,FALSE) -> 215176 | E139: =+VLOOKUP($C139,'7.Balansstanden'!$D:$H,5,FALSE) -> 172302 | F139: =+E139-D139 -> -42874 | G139: =+VLOOKUP($C139,'5.Verdelingsmatrix lasten'!$A:$AN,40,FALSE) -> -42874 | H139: =+VLOOKUP($C139,'6.Verdelingsmatrix baten'!$A:$AP,42,FALSE) -> 0 | I139: =+G139-H139 -> -42874 | J139: =ABS(+F139-I139) -> 0 | K139: =ABS(D139)+ABS(E139) -> 387478
C140: A223b | D140: =+VLOOKUP($C140,'7.Balansstanden'!$D:$H,3,FALSE) -> 1570 | E140: =+VLOOKUP($C140,'7.Balansstanden'!$D:$H,5,FALSE) -> 1570 | F140: =+E140-D140 -> 0 | G140: =+VLOOKUP($C140,'5.Verdelingsmatrix lasten'!$A:$AN,40,FALSE) -> 0 | H140: =+VLOOKUP($C140,'6.Verdelingsmatrix baten'!$A:$AP,42,FALSE) -> 0 | I140: =+G140-H140 -> 0 | J140: =ABS(+F140-I140) -> 0 | K140: =ABS(D140)+ABS(E140) -> 3140
C141: A224 | D141: =+VLOOKUP($C141,'7.Balansstanden'!$D:$H,3,FALSE) -> 19182 | E141: =+VLOOKUP($C141,'7.Balansstanden'!$D:$H,5,FALSE) -> 14879 | F141: =+E141-D141 -> -4303 | G141: =+VLOOKUP($C141,'5.Verdelingsmatrix lasten'!$A:$AN,40,FALSE) -> -4302 | H141: =+VLOOKUP($C141,'6.Verdelingsmatrix baten'!$A:$AP,42,FALSE) -> 0 | I141: =+G141-H141 -> -4302 | J141: =ABS(+F141-I141) -> 1 | K141: =ABS(D141)+ABS(E141) -> 34061
C142: A225a | D142: =+VLOOKUP($C142,'7.Balansstanden'!$D:$H,3,FALSE) -> 0 | E142: =+VLOOKUP($C142,'7.Balansstanden'!$D:$H,5,FALSE) -> 0 | F142: =+E142-D142 -> 0 | G142: =+VLOOKUP($C142,'5.Verdelingsmatrix lasten'!$A:$AN,40,FALSE) -> 0 | H142: =+VLOOKUP($C142,'6.Verdelingsmatrix baten'!$A:$AP,42,FALSE) -> 0 | I142: =+G142-H142 -> 0 | J142: =ABS(+F142-I142) -> 0 | K142: =ABS(D142)+ABS(E142) -> 0
C143: A225b | D143: =+VLOOKUP($C143,'7.Balansstanden'!$D:$H,3,FALSE) -> 0 | E143: =+VLOOKUP($C143,'7.Balansstanden'!$D:$H,5,FALSE) -> 0 | F143: =+E143-D143 -> 0 | G143: =+VLOOKUP($C143,'5.Verdelingsmatrix lasten'!$A:$AN,40,FALSE) -> 0 | H143: =+VLOOKUP($C143,'6.Verdelingsmatrix baten'!$A:$AP,42,FALSE) -> 0 | I143: =+G143-H143 -> 0 | J143: =ABS(+F143-I143) -> 0 | K143: =ABS(D143)+ABS(E143) -> 0
... C151: A29g | D151: =+VLOOKUP($C151,'7.Balansstanden'!$D:$H,3,FALSE) -> 0 | E151: =+VLOOKUP($C151,'7.Balansstanden'!$D:$H,5,FALSE) -> 0 | F151: =+E151-D151 -> 0 | G151: =+VLOOKUP($C151,'5.Verdelingsmatrix lasten'!$A:$AN,40,FALSE) -> 0 | H151: =+VLOOKUP($C151,'6.Verdelingsmatrix baten'!$A:$AP,42,FALSE) -> 0 | I151: =+G151-H151 -> 0 | J151: =ABS(+F151-I151) -> 0 | K151: =ABS(D151)+ABS(E151) -> 0
C152: P111 | D152: =+VLOOKUP($C152,'7.Balansstanden'!$D:$H,3,FALSE) -> 940883 | E152: =+VLOOKUP($C152,'7.Balansstanden'!$D:$H,5,FALSE) -> 1018313 | F152: =+E152-D152 -> 77430 | G152: =+VLOOKUP($C152,'5.Verdelingsmatrix lasten'!$A:$AN,40,FALSE) -> 8000 | H152: =+VLOOKUP($C152,'6.Verdelingsmatrix baten'!$A:$AP,42,FALSE) -> 85429 | I152: =+H152-G152 -> 77429 | J152: =IF('4.Informatie'!$C$8<>5,0,ABS(+F152-I152)) -> 0 | K152: =IF('4.Informatie'!$C$8<>5,0,ABS(D152)+ABS(E152)) -> 0
C153: P112 | D153: =+VLOOKUP($C153,'7.Balansstanden'!$D:$H,3,FALSE) -> 637887 | E153: =+VLOOKUP($C153,'7.Balansstanden'!$D:$H,5,FALSE) -> 672563 | F153: =+E153-D153 -> 34676 | G153: =+VLOOKUP($C153,'5.Verdelingsmatrix lasten'!$A:$AN,40,FALSE) -> 20709 | H153: =+VLOOKUP($C153,'6.Verdelingsmatrix baten'!$A:$AP,42,FALSE) -> 55385 | I153: =+H153-G153 -> 34676 | J153: =IF('4.Informatie'!$C$8<>5,0,ABS(+F153-I153)) -> 0 | K153: =IF('4.Informatie'!$C$8<>5,0,ABS(D153)+ABS(E153)) -> 0
C154: P114 | D154: =+VLOOKUP($C154,'7.Balansstanden'!$D:$H,3,FALSE) -> 85303 | E154: =+VLOOKUP($C154,'7.Balansstanden'!$D:$H,5,FALSE) -> 0 | F154: =+E154-D154 -> -85303 | G154: =+VLOOKUP($C154,'5.Verdelingsmatrix lasten'!$A:$AN,40,FALSE) -> 0 | H154: =+VLOOKUP($C154,'6.Verdelingsmatrix baten'!$A:$AP,42,FALSE) -> -85303 | I154: =+H154-G154 -> -85303 | J154: =IF('4.Informatie'!$C$8<>5,0,ABS(+F154-I154)) -> 0 | K154: =IF('4.Informatie'!$C$8<>5,0,ABS(D154)+ABS(E154)) -> 0
C155: P12 | D155: =+VLOOKUP($C155,'7.Balansstanden'!$D:$H,3,FALSE) -> 76017 | E155: =+VLOOKUP($C155,'7.Balansstanden'!$D:$H,5,FALSE) -> 77199 | F155: =+E155-D155 -> 1182 | G155: =+VLOOKUP($C155,'5.Verdelingsmatrix lasten'!$A:$AN,40,FALSE) -> 2405 | H155: =+VLOOKUP($C155,'6.Verdelingsmatrix baten'!$A:$AP,42,FALSE) -> 3587 | I155: =+H155-G155 -> 1182 | J155: =IF('4.Informatie'!$C$8<>5,0,ABS(+F155-I155)) -> 0 | K155: =IF('4.Informatie'!$C$8<>5,0,ABS(D155)+ABS(E155)) -> 0
C156: P131 | D156: =+VLOOKUP($C156,'7.Balansstanden'!$D:$H,3,FALSE) -> 0 | E156: =+VLOOKUP($C156,'7.Balansstanden'!$D:$H,5,FALSE) -> 0 | F156: =+E156-D156 -> 0 | G156: =+VLOOKUP($C156,'5.Verdelingsmatrix lasten'!$A:$AN,40,FALSE) -> 0 | H156: =+VLOOKUP($C156,'6.Verdelingsmatrix baten'!$A:$AP,42,FALSE) -> 0 | I156: =+H156-G156 -> 0 | J156: =ABS(+F156-I156) -> 0 | K156: =ABS(D156)+ABS(E156) -> 0
C157: P132 | D157: =+VLOOKUP($C157,'7.Balansstanden'!$D:$H,3,FALSE) -> 0 | E157: =+VLOOKUP($C157,'7.Balansstanden'!$D:$H,5,FALSE) -> 0 | F157: =+E157-D157 -> 0 | G157: =+VLOOKUP($C157,'5.Verdelingsmatrix lasten'!$A:$AN,40,FALSE) -> 0 | H157: =+VLOOKUP($C157,'6.Verdelingsmatrix baten'!$A:$AP,42,FALSE) -> 0 | I157: =+H157-G157 -> 0 | J157: =ABS(+F157-I157) -> 0 | K157: =ABS(D157)+ABS(E157) -> 0
C158: P133 | D158: =+VLOOKUP($C158,'7.Balansstanden'!$D:$H,3,FALSE) -> 363 | E158: =+VLOOKUP($C158,'7.Balansstanden'!$D:$H,5,FALSE) -> 363 | F158: =+E158-D158 -> 0 | G158: =+VLOOKUP($C158,'5.Verdelingsmatrix lasten'!$A:$AN,40,FALSE) -> 0 | H158: =+VLOOKUP($C158,'6.Verdelingsmatrix baten'!$A:$AP,42,FALSE) -> 0 | I158: =+H158-G158 -> 0 | J158: =ABS(+F158-I158) -> 0 | K158: =ABS(D158)+ABS(E158) -> 726
C159: P134 | D159: =+VLOOKUP($C159,'7.Balansstanden'!$D:$H,3,FALSE) -> 0 | E159: =+VLOOKUP($C159,'7.Balansstanden'!$D:$H,5,FALSE) -> 0 | F159: =+E159-D159 -> 0 | G159: =+VLOOKUP($C159,'5.Verdelingsmatrix lasten'!$A:$AN,40,FALSE) -> 0 | H159: =+VLOOKUP($C159,'6.Verdelingsmatrix baten'!$A:$AP,42,FALSE) -> 0 | I159: =+H159-G159 -> 0 | J159: =ABS(+F159-I159) -> 0 | K159: =ABS(D159)+ABS(E159) -> 0
C160: P135b | D160: =+VLOOKUP($C160,'7.Balansstanden'!$D:$H,3,FALSE) -> 0 | E160: =+VLOOKUP($C160,'7.Balansstanden'!$D:$H,5,FALSE) -> 0 | F160: =+E160-D160 -> 0 | G160: =+VLOOKUP($C160,'5.Verdelingsmatrix lasten'!$A:$AN,40,FALSE) -> 0 | H160: =+VLOOKUP($C160,'6.Verdelingsmatrix baten'!$A:$AP,42,FALSE) -> 0 | I160: =+H160-G160 -> 0 | J160: =ABS(+F160-I160) -> 0 | K160: =ABS(D160)+ABS(E160) -> 0
C161: P135c | D161: =+VLOOKUP($C161,'7.Balansstanden'!$D:$H,3,FALSE) -> 0 | E161: =+VLOOKUP($C161,'7.Balansstanden'!$D:$H,5,FALSE) -> 0 | F161: =+E161-D161 -> 0 | G161: =+VLOOKUP($C161,'5.Verdelingsmatrix lasten'!$A:$AN,40,FALSE) -> 0 | H161: =+VLOOKUP($C161,'6.Verdelingsmatrix baten'!$A:$AP,42,FALSE) -> 0 | I161: =+H161-G161 -> 0 | J161: =ABS(+F161-I161) -> 0 | K161: =ABS(D161)+ABS(E161) -> 0
C162: P135d | D162: =+VLOOKUP($C162,'7.Balansstanden'!$D:$H,3,FALSE) -> 0 | E162: =+VLOOKUP($C162,'7.Balansstanden'!$D:$H,5,FALSE) -> 0 | F162: =+E162-D162 -> 0 | G162: =+VLOOKUP($C162,'5.Verdelingsmatrix lasten'!$A:$AN,40,FALSE) -> 0 | H162: =+VLOOKUP($C162,'6.Verdelingsmatrix baten'!$A:$AP,42,FALSE) -> 0 | I162: =+H162-G162 -> 0 | J162: =ABS(+F162-I162) -> 0 | K162: =ABS(D162)+ABS(E162) -> 0
C163: P135e | D163: =+VLOOKUP($C163,'7.Balansstanden'!$D:$H,3,FALSE) -> 10532 | E163: =+VLOOKUP($C163,'7.Balansstanden'!$D:$H,5,FALSE) -> 10532 | F163: =+E163-D163 -> 0 | G163: =+VLOOKUP($C163,'5.Verdelingsmatrix lasten'!$A:$AN,40,FALSE) -> 0 | H163: =+VLOOKUP($C163,'6.Verdelingsmatrix baten'!$A:$AP,42,FALSE) -> 0 | I163: =+H163-G163 -> 0 | J163: =ABS(+F163-I163) -> 0 | K163: =ABS(D163)+ABS(E163) -> 21064
...
